 Dungeon Crawl Stone Soup version 0.30.0 (webtiles) character file.

Game seed: 8051783969901054771

12562041 McIvan the Annihilator (level 27, 249/249 HPs)
             Began as a Barachi Ice Elementalist on May 8, 2023.
             Was the Champion of Vehumet.
             Escaped with the Orb
             ... and 15 runes on July 10, 2023!
             The game lasted 1 day 14:57:24 (133779 turns).

McIvan the Annihilator (BaIE)                 Turns: 133779, Time: 1 , 14:57:25

Health: 249/249    AC: 56    Str: 14    XL:     27
Magic:  64/64      EV: 10    Int: 40    God:    Vehumet [******]
Gold:   17046      SH: 32    Dex: 11    Spells: 2/80 levels left

rFire   + . .        i - staff of fire "Jetweasy" {rElec rF+ Dex+3 SInv}
rCold   + + +        Z - +8 tower shield {reflect}
rNeg    + + +        D - +8 orange crystal plate armour {Archmagi, Int+3 Clar}
rPois   ∞            e - +3 hat of Pondering {ponderous, Will+ MP+10 Int+5}
rElec   +            M - +3 cloak "Civemaoz" {Regen+ Dex+2}
rCorr   .            P - +2 pair of gloves "Ciokaown" {+Inv rN+ Str+3}
SInv    +            j - +2 pair of boots
Will    ++++.        L - amulet of Vitality {RegenMP++ Regen++}
Stlth   +            W - ring "Guxuy" {rC+++ rN+ Int+4 Dex-5 SInv}
HPRegen 3.01/turn    F - ring of the Mage {Wiz Archmagi}
MPRegen 1.19/turn

%: reflection, clarity, wizardry (x1), archmagi
@: lich-form, studying 6 skills, very slow
A: draining attack, torment immunity, no potions, amphibious, slowness 1, strong
legs 2, +LOS, iridescent scales 1, clumsy 1, deformed body, mutation resistance
1, MP-powered wands
0: Orb of Zot
}: 15/15 runes: barnacled, slimy, silver, golden, iron, obsidian, icy, bone,
abyssal, demonic, glowing, magical, fiery, dark, gossamer
a: Hop, End Transformation, Renounce Religion, Evoke Invisibility


You escaped.
You worshipped Vehumet.
Vehumet was exalted by your worship.
You were an undead lich.
You visited 18 branches of the dungeon, and saw 88 of its levels.
You visited Pandemonium 2 times, and saw 21 of its levels.
You visited the Abyss 2 times.
You visited 1 bazaar.
You completed 3 ziggurats, and saw 81 of their levels.
You also visited: Trove, Bailey, Gauntlet, Ice Cave, Volcano and Wizlab.

You collected 21198 gold pieces.
You spent 4152 gold pieces at shops.

Inventory:

Hand Weapons
 N - the +7 hand crossbow of Duty {heavy, rF+++ rCorr Int+2 Dex-5}
   (You acquired it on level 27 of a ziggurat)

   Int:       It affects your intelligence (+2).
   Dex:       It affects your dexterity (-5).
   rF:        It renders you almost immune to fire.
   rCorr:     It protects you from acid and corrosion.
 Y - the +27 heavy crossbow "Sniper" {heavy, Acc+∞ SInv}
   (You found it on level 26 of a ziggurat)

   Acc+∞: It never misses its target.
   SInv:      It lets you see invisible.
Missiles
 U - 73 silver javelins (quivered)
Armour
 e - the +3 hat of Pondering (worn) {ponderous, Will+ MP+10 Int+5}
   (You took it off Gastronok on level 2 of the Lair of Beasts)

   Int:       It affects your intelligence (+5).
   MP:        It affects your magic capacity (+10).
   Will:      It increases your willpower.
 j - a +2 pair of boots (worn)
 n - the +3 warlock's mirror {omnireflect}
   (You took it off a deep elf annihilator on level 3 of the Elven Halls)

   Omnireflect: It can block and reflect piercing ranged attacks and magical
   attacks against the wielder's willpower.
 D - the +8 orange crystal plate armour (worn) {Archmagi, Int+3 Clar}
   (You found it on level 23 of a ziggurat)

   Int:       It affects your intelligence (+3).
   Clar:      It protects you from confusion, rage, mesmerisation and fear.
 M - the +3 cloak "Civemaoz" (worn) {Regen+ Dex+2}
   (You found it on level 14 of a ziggurat)

   Dex:       It affects your dexterity (+2).
   Regen:     It increases your rate of health regeneration.
 P - the +2 pair of gloves "Ciokaown" (worn) {+Inv rN+ Str+3}
   (You acquired it in Pandemonium)

   Str:       It affects your strength (+3).
   rN:        It protects you from negative energy.
   +Inv:      It lets you turn invisible.
 T - the +5 Storm Queen's Shield {shock, Fly rElec}
   (You found it on level 22 of a ziggurat)

   Shock:     When it blocks an attack, it may electrocute the attacker.
   This works even against foes who are a short distance away.
   rElec:     It insulates you from electricity.
   Fly:       It grants you flight.
 V - +10 pearl dragon scales
 Z - a +8 tower shield of reflection (worn)
Magical Staves
 h - the staff of fire "Pipu" {rF+ rC- rN+ rCorr MP+9}
   (You found it on level 26 of a ziggurat)

   [staff of fire]

   Base accuracy: +5 Base damage: 5 Base attack delay: 1.2 This weapon's minimum
   attack delay (0.6) is reached at skill level 12.
   rF:        It protects you from fire.
   rC:        It makes you vulnerable to cold.
   rN:        It protects you from negative energy.
   MP:        It affects your magic capacity (+9).
   rCorr:     It protects you from acid and corrosion.
   It falls into the 'Staves' category.
   It is a one-handed weapon.
 i - the staff of fire "Jetweasy" (weapon) {rElec rF+ Dex+3 SInv}
   (You took it off a guardian mummy on level 3 of the Crypt)

   [staff of fire]

   Base accuracy: +5 Base damage: 5 Base attack delay: 1.2 This weapon's minimum
   attack delay (0.6) is reached at skill level 12.
   Dex:       It affects your dexterity (+3).
   rF:        It protects you from fire.
   rElec:     It insulates you from electricity.
   SInv:      It lets you see invisible.
   It falls into the 'Staves' category.
   It is a one-handed weapon.
 s - the staff of cold "Sutixich" {rElec rC+ MP+9 Int-3 SInv}
   (You found it in Pandemonium)

   [staff of cold]

   Base accuracy: +5 Base damage: 5 Base attack delay: 1.2 This weapon's minimum
   attack delay (0.6) is reached at skill level 12.
   Int:       It affects your intelligence (-3).
   rC:        It protects you from cold.
   rElec:     It insulates you from electricity.
   MP:        It affects your magic capacity (+9).
   SInv:      It lets you see invisible.
   It falls into the 'Staves' category.
   It is a one-handed weapon.
 B - the staff of air "Ciliu" {Contam Fragile rElec Will+++ SInv}
   (You found it on level 3 of the Tomb of the Ancients)

   [staff of air]

   Base accuracy: +5 Base damage: 5 Base attack delay: 1.2 This weapon's minimum
   attack delay (0.6) is reached at skill level 12.
   rElec:     It insulates you from electricity.
   SInv:      It lets you see invisible.
   Contam:    It causes magical contamination when unequipped.
   Fragile:   It will be destroyed if unequipped.
   Will:      It greatly increases your willpower.
   It falls into the 'Staves' category.
   It is a one-handed weapon.
 I - the staff of poison "Vipez" {+Blink rElec rPois Int+4}
   (You found it on level 9 of a ziggurat)

   [staff of poison]

   Base accuracy: +5 Base damage: 5 Base attack delay: 1.2 This weapon's minimum
   attack delay (0.6) is reached at skill level 12.
   Int:       It affects your intelligence (+4).
   rElec:     It insulates you from electricity.
   rPois:     It protects you from poison.
   +Blink:    It lets you blink.
   It falls into the 'Staves' category.
   It is a one-handed weapon.
Jewellery
 a - the dreamshard necklace {*Dream Drain}
   (You found it on level 7 of Gehenna)

   [amulet of nothing]

   *Dream:    It shatters if its wearer takes lethal or near-lethal damage,
   preventing the blow and releasing protective dreams that heal and fight for
   the wearer.
   Drain:     It drains your maximum health when unequipped.
 t - the amulet of Enucoer {Reflect rElec Will+++ Int-5 Slay+5 SH+5}
   (You found it on level 17 of a ziggurat)

   [amulet of reflection]

   It reflects blocked missile attacks.
   Int:       It affects your intelligence (-5).
   Slay:      It affects your accuracy & damage with ranged weapons and melee
   (+5).
   rElec:     It insulates you from electricity.
   SH:        It affects your SH (+5).
   Will:      It greatly increases your willpower.
 F - the ring of the Mage (right hand) {Wiz Archmagi}
   (You took it off a fire giant on level 5 of the Vaults)

   [ring of wizardry]

   It improves your spell success rate.
   Archmagi:  It increases the power of your magical spells.
 K - the ring of Jorghike {rF+ rC+ Will+++ Int-5 Slay+3}
   (You found it on level 18 of a ziggurat)

   [ring of protection from cold]

   Int:       It affects your intelligence (-5).
   Slay:      It affects your accuracy & damage with ranged weapons and melee
   (+3).
   rF:        It protects you from fire.
   rC:        It protects you from cold.
   Will:      It greatly increases your willpower.
 L - the amulet of Vitality (around neck) {RegenMP++ Regen++}
   (You found it on level 18 of a ziggurat)

   [amulet of magic regeneration]

   It increases your rate of magic regeneration.
   Regen:     It increases your rate of health regeneration.
 W - the ring "Guxuy" (left hand) {rC+++ rN+ Int+4 Dex-5 SInv}
   (You found it on level 7 of the Iron City of Dis)

   [ring of see invisible]

   Int:       It affects your intelligence (+4).
   Dex:       It affects your dexterity (-5).
   rC:        It renders you almost immune to cold.
   rN:        It protects you from negative energy.
   SInv:      It lets you see invisible.
Wands
 y - a wand of acid (171)
 Q - a wand of iceblast (238)
Scrolls
 c - 16 scrolls of magic mapping
 f - 28 scrolls of enchant weapon
 l - 23 scrolls of fog
 m - 5 scrolls of vulnerability
 o - 20 scrolls of enchant armour
 v - 82 scrolls of teleportation
 w - a scroll of summoning
 E - 3 scrolls of poison
 H - 21 scrolls of blinking
 J - 19 scrolls of amnesia
 R - 42 scrolls of immolation
 X - 9 scrolls of torment
Potions
 b - 14 potions of magic
 d - 5 potions of brilliance
 g - 51 potions of mutation
 k - 12 potions of heal wounds
 q - 7 potions of lignification
 u - a potion of resistance
 x - 12 potions of invisibility
 z - 27 potions of cancellation
 A - 9 potions of haste
 C - 35 potions of curing
 G - 7 potions of ambrosia
Miscellaneous
 p - a phantom mirror
 r - the horn of Geryon
 O - a condenser vane
 S - 2 +3 figurines of a ziggurat


   Skills:
 O Level 27 Fighting
 - Level 13.4(21.8) Maces & Flails
 O Level 27 Staves
 - Level 15.8 Ranged Weapons
 - Level 15.7 Throwing
 O Level 27 Armour
 O Level 27 Dodging
 O Level 27 Stealth
 O Level 27 Shields
 O Level 27 Spellcasting
 O Level 27 Conjurations
 + Level 21.0 Hexes
 O Level 27 Summonings
 - Level 24.7 Necromancy
 O Level 27 Translocations
 - Level 20.0 Transmutations
 O Level 27 Fire Magic
 O Level 27 Ice Magic
 O Level 27 Air Magic
 O Level 27 Earth Magic
 O Level 27 Evocations


You had 2 spell levels left.
You knew the following spells:

 Your Spells              Type           Power      Damage    Failure   Level
a - Iron Shot             Conj/Erth      92%        9d17      0%          6
b - Chain Lightning       Conj/Air       92%        3d123     1%          9
c - Ignition              Fire           100%       3d25      1%          8
d - Necromutation         Tmut/Necr      100%       N/A       2%          8
e - Iskenderun's Mystic   Conj/Tloc      100%       2d19      0%          4
f - Fire Storm            Conj/Fire      100%       8d25      1%          9
g - Shatter               Erth           92%        3d66*     1%          9
i - Spellforged Servitor  Conj/Summ      92%        N/A       1%          7
j - Polar Vortex          Ice            92%        N/A       1%          9
k - Irradiate             Conj/Tmut      89%        3d41      0%          5
l - Passage of Golubria   Tloc           100%       N/A       0%          4

Your spell library contained the following spells:

 Spells                   Type           Power      Damage    Failure   Level
 Apportation              Tloc           100%       N/A       0%          1
 Beastly Appendage        Tmut           100%       N/A       0%          1
 Foxfire                  Conj/Fire      100%       2x1d9     0%          1
 Freeze                   Ice            100%       1d10      0%          1
 Kiss of Death            Conj/Necr      100%       2d13      0%          1
 Magic Dart               Conj           100%       1d8       0%          1
 Necrotise                Necr           100%       1d9       0%          1
 Sandblast                Erth           100%       2d20      0%          1
 Shock                    Conj/Air       100%       1d9       0%          1
 Slow                     Hex            100%       N/A       0%          1
 Summon Small Mammal      Summ           100%       N/A       0%          1
 Blink                    Tloc           100%       N/A       0%          2
 Call Imp                 Summ           100%       N/A       0%          2
 Cigotuvi's Dreadful Rot  Necr/Pois/Air  100%       N/A       0%          2
 Ensorcelled Hibernation  Hex/Ice        100%       N/A       0%          2
 Lesser Beckoning         Tloc           100%       N/A       0%          2
 Momentum Strike          Conj/Tloc      100%       3d10      0%          2
 Passwall                 Tmut/Erth      100%       N/A       0%          2
 Scorch                   Fire           100%       2d9       0%          2
 Searing Ray              Conj           100%       2d8       0%          2
 Static Discharge         Conj/Air       100%       2-7/arc   0%          2
 Sublimation of Blood     Necr           100%       N/A       0%          2
 Wereblood                Tmut           100%       N/A       0%          2
 Sting                    Tmut/Pois      100%       1d8       1%          1
 Poisonous Vapours        Pois/Air       100%       N/A       1%          2
 Call Canine Familiar     Summ           100%       N/A       0%          3
 Confusing Touch          Hex            100%       N/A       0%          3
 Dazzling Flash           Conj/Hex       100%       N/A       0%          3
 Frozen Ramparts          Ice            100%       1d16      0%          3
 Gell's Gravitas          Tloc           100%       N/A       0%          3
 Hailstorm                Conj/Ice       100%       3d20      0%          3
 Inner Flame              Hex/Fire       100%       N/A       0%          3
 Ozocubu's Armour         Ice            100%       N/A       0%          3
 Portal Projectile        Hex/Tloc       100%       N/A       0%          3
 Stone Arrow              Conj/Erth      100%       3d13      0%          3
 Summon Guardian Golem    Hex/Summ       100%       N/A       0%          3
 Swiftness                Air            100%       N/A       0%          3
 Teleport Other           Tloc           100%       N/A       0%          3
 Tukima's Dance           Hex            100%       N/A       0%          3
 Vampiric Draining        Necr           100%       2d13      0%          3
 Vhi's Electric Charge    Tloc/Air       100%       N/A       0%          3
 Volatile Blastmotes      Fire/Tloc      100%       2d18      0%          3
 Airstrike                Air            92%        2d(14-30) 0%          4
 Anguish                  Hex/Necr       100%       N/A       0%          4
 Animate Armour           Summ/Erth      100%       N/A       0%          4
 Animate Dead             Necr           100%       N/A       0%          4
 Cause Fear               Hex            86%        N/A       0%          4
 Dispel Undead            Necr           100%       3d31      0%          4
 Flame Wave               Conj/Fire      100%       2d21      0%          4
 Fulminant Prism          Conj/Hex       89%        3d35      0%          4
 Ice Form                 Ice/Tmut       100%       N/A       0%          4
 Leda's Liquefaction      Hex/Erth       89%        N/A       0%          4
 Manifold Assault         Tloc           100%       N/A       0%          4
 Petrify                  Tmut/Erth      100%       N/A       0%          4
 Sticky Flame             Conj/Fire      100%       2d11      0%          4
 Summon Ice Beast         Ice/Summ       100%       N/A       0%          4
 Summon Lightning Spire   Summ/Air       100%       N/A       0%          4
 Agony                    Necr           100%       N/A       0%          5
 Arcjolt                  Conj/Air       92%        1d102     0%          5
 Borgnjor's Vile Clutch   Necr/Erth      100%       N/A       0%          5
 Fireball                 Conj/Fire      100%       3d36      0%          5
 Freezing Cloud           Conj/Ice/Air   92%        6-21      0%          5
 Iskenderun's Battlesphe  Conj           100%       2d15      0%          5
 Lee's Rapid Deconstruct  Erth           92%        3d41*     0%          5
 Metabolic Englaciation   Hex/Ice        89%        N/A       0%          5
 Silence                  Hex/Air        89%        N/A       0%          5
 Summon Forest            Summ/Tloc      92%        N/A       0%          5
 Summon Mana Viper        Hex/Summ       100%       N/A       0%          5
 Conjure Ball Lightning   Conj/Air       92%        3x3d35    0%          6
 Dispersal                Tloc           92%        N/A       0%          6
 Plasma Beam              Fire/Air       100%       2x1d131   0%          6
 Starburst                Conj/Fire      100%       6d25      0%          6
 Summon Cactus Giant      Summ           92%        N/A       0%          6
 Ignite Poison            Fire/Tmut/Pois 100%       N/A       1%          3
 Spider Form              Tmut/Pois      100%       N/A       1%          3
 Alistair's Intoxication  Tmut/Pois      93%        N/A       1%          5
 Blade Hands              Tmut           85%        N/A       1%          5
 Yara's Violent Unravell  Hex/Tmut       85%        3d31      1%          5
 Death Channel            Necr           100%       N/A       1%          6
 Simulacrum               Ice/Necr       100%       N/A       1%          6
 Statue Form              Tmut/Erth      100%       N/A       1%          6
 Dragon Form              Tmut           85%        N/A       1%          7
 Enfeeble                 Hex            86%        N/A       1%          7
 Haunt                    Necr/Summ      100%       N/A       1%          7
 Malign Gateway           Summ/Tloc      92%        N/A       1%          7
 Monstrous Menagerie      Summ           92%        N/A       1%          7
 Orb of Destruction       Conj           92%        9d20      1%          7
 Ozocubu's Refrigeration  Ice            92%        4d28      1%          7
 Storm Form               Tmut/Air       89%        N/A       1%          7
 Summon Hydra             Summ           92%        N/A       1%          7
 Borgnjor's Revivificati  Necr           100%       N/A       1%          8
 Disjunction              Tloc           92%        N/A       1%          8
 Infestation              Necr           100%       N/A       1%          8
 Lehudib's Crystal Spear  Conj/Erth      92%        10d20     1%          8
 Maxwell's Capacitive Co  Air            92%        ∞         1%          8
 Summon Horrible Things   Summ           92%        N/A       1%          8
 Eringya's Noxious Bog    Tmut/Pois      70%        N/A       2%          6
 Discord                  Hex            86%        N/A       3%          8
 Dragon's Call            Summ           92%        N/A       4%          9
 Olgreb's Toxic Radiance  Pois           88%        N/A       9%          4
 Death's Door             Necr           100%       N/A       12%         9


Dungeon Overview and Level Annotations

Branches:
Dungeon (15/15)            Temple (1/1) D:5            Lair (5/5) D:11
 Shoals (4/4) Lair:2       Spider (4/4) Lair:2        Slime (5/5) Lair:4
    Orc (2/2) D:10            Elf (3/3) Orc:2        Vaults (5/5) D:14
  Crypt (3/3) Vaults:3       Tomb (3/3) Crypt:3      Depths (4/4) D:15
   Hell (visited)             Dis (7/7) Hell            Geh (7/7) Hell
    Coc (7/7) Hell            Tar (7/7) Hell            Zot (5/5) Depths:4
 Bailey (visited)           IceCv (visited)         Volcano (visited)
 WizLab (visited)         Gauntlet (visited)

Altars:
Ashenzari
Cheibriados
Dithmenos
Elyvilon
Fedhas
Gozag
Hepliaklqana
Kikubaaqudgha
Makhleb
Nemelex Xobeh
Okawaru
Qazlal
Ru
Sif Muna
Trog
Uskayaw
Vehumet
Wu Jian
Xom
Yredelemnul
Zin
The Shining One
Jiyva
Lugonu

Shops:
D:3 :   D:10 (   Orc:2 (!:*[   Elf:3 **::   Shoals:1 ((   Vaults:1 *
Vaults:2 *   Vaults:4 [

Portals:
Hell: Depths:1 Depths:2 Depths:3 Depths:4
Abyss: Depths:3 Depths:4
Pandemonium: Orc:2 Depths:2 Depths:3

Annotations:
Vaults:2 1 exclusion


Innate Abilities, Weirdness & Mutations

You are an undead lich.
Your unarmed attacks are suffused with negative energy.
You are immune to unholy pain and torment.
Your necromantic spells are more powerful.
You cannot drink.
You are immune to poison.
You are amphibious.
You cover ground slowly.
You can hop long distances.
You have an extended range of vision and can be seen from far away.
You are partially covered in iridescent scales. (AC +2)
You are clumsy. (Dex -2)
Armour fits poorly on your strangely shaped body.
You are somewhat resistant to further mutation.
You expend magic power (3 MP) to strengthen your wands.


Message History

Your body is suffused with negative energy!
Magic restored.
You open the door.
There is an open door here.
A ball python comes into view.
Casting: Necromutation (mildly dangerous; 2% risk of failure)
Confirm with . or Enter, or press ? or * to list all spells.
You feel a strong surge of power!
The dungeon rumbles!
A door shatters! x2
You kill the ball python!
Vehumet accepts your kill.
You feel your power returning.
Ka-crash!
An Executioner comes into view.
Casting: Shatter (mildly dangerous; 1% risk of failure)
Confirm with . or Enter, or press ? or * to list all spells.
Aiming: Fire Storm (mildly dangerous; 1% risk of failure)
Press: ? - help, Dir - move target You feel a huge surge of power!
You miscast Fire Storm.
You are very lightly contaminated with residual magic.
Heat runs through your body. You resist.
The Executioner gives a hideous shriek!
Unknown command.
Casting: Fire Storm (mildly dangerous; 1% risk of failure)
Confirm with . or Enter, or press ? or * to list all spells.
Aiming: Fire Storm (mildly dangerous; 1% risk of failure)
Press: ? - help, Dir - move target, f - Executioner
Aim: an Executioner You feel a huge surge of power!
A raging storm of fire appears!
The great blast of fire engulfs the Executioner!!!!
The Executioner partially resists.
You kill the Executioner!
Vehumet accepts your kill.
You feel your power returning.
You see here a +0 dagger.
Your magical contamination has completely faded away.
There is an open door here.
There is a staircase leading out of the dungeon here.
You have escaped!

#.#.### ###.#...####
#####...###....# #
#...........##.# ########## #
#.###.########.# ##..#......
###...#.#.### #.# ###.#.#####.#
......#.##..####'####..##.....#.#
......#.####..'...'..####.###.#..
....#.#.# ####.L.#### #.......#
.##.#...####..'...'..########.#.#
v##..#####..####'####..## #.#.#
..#..# ##.### #.# ###.## #.#.#
.....# #.#######.#######.# #.#.#
..#.#######.............## #.#.#
..#.##....#.###########.#####.#.#
...............>......#.......#.#
..#....#........#...###########.#


There were no monsters in sight!

Vanquished Creatures
  Cerebov (Pan)
  Asmodeus (Geh:7)
  the Royal Jelly (Slime:5)
  Ereshkigal (Tar:7)
  Gloorx Vloq (Pan)
  the Serpent of Hell (Geh:7)
  A seraph (Pan)
  Lom Lobon (Pan)
  Mnoleg (Pan)
  Dispater (Dis:7)
  37 dread liches
  27 orbs of fire
  51 ancient liches
  Mennas (Pan)
  A juggernaut (Dis:7)
  35 royal mummies
  Vv (Crypt:1)
  Margery (Vaults:5)
  20 Killer Klowns
  26 shard shrikes
  Parghit (Zot:1)
  Geryon (Hell)
  2 curse toes
  Saint Roka (Vaults:5)
  49 golden dragons
  59 caustic shrikes
  11 profane servitors
  47 bone dragons
  12 pearl dragons
  4 electric golems
  30 Tzitzimimeh
  40 iron giants
  24 Brimstone Fiends
  14 doom hounds
  44 pandemonium lords
  2 spectral shard shrikes (Tar:7)
  Jorgrun (Orc:1)
  25 tentacled monstrosities
  18 hellephants
  51 Hell Sentinels
  Rupert (Lair:4)
  33 liches
  Mlioglotl (Shoals:1)
  14 tainted leviathans
  12 Orb Guardians
  3 deep elf blademasters (Elf:3)
  A walking earthen tome (Depths:2)
  59 Ice Fiends
  65 titans
  A walking crystal tome (Depths:2)
  3 deep elf master archers (Elf:3)
  14 quicksilver dragons
  2 walking frostbound tomes
  29 searing wretches
  An eldritch tentacle (Pan)
  58 ancient champions
  78 acid blobs
  35 sphinxes
  A quicksilver dragon (shapeshifter) (Zig:20)
  36 Executioners
  29 tentacled starspawn
  Gastronok (Lair:2)
  Roxanne (D:15)
  6 death cobs
  2 sphinxes (shapeshifter) (Zig:20)
  23 tengu reavers
  2 thorn hunters (Zig:14)
  Kirke (Lair:5)
  2 krakens (Shoals:1)
  2 shadow dragons (shapeshifter)
  10 storm dragons
  7 shadow dragons
  42 nagarajas
  2 fire giants (shapeshifter) (Zig:20)
  17 draconian monks
  22 revenants
  35 azure jellies
  21 demonspawn warmongers
  24 daevas
  43 fire giants
  A fenstrider witch (shapeshifter) (Zig:20)
  29 rockslimes
  48 narguns
  A fenstrider witch (Zig:14)
  29 quicksilver elementals
  7 spectral caustic shrikes
  85 balrugs
  An emperor scorpion (shapeshifter) (Zig:20)
  17 frost giants
  29 draconian knights
  23 deep elf sorcerers
  A caustic shrike zombie (Abyss:3)
  23 draconian scorchers
  7 shard shrike simulacra
  19 curse skulls
  35 vault wardens
  15 emperor scorpions
  5 ghouls
  34 demonspawn corrupters
  15 iron dragons
  12 orc warlords
  16 draconian shifters
  30 quicksilver oozes
  17 draconian stormcallers
  48 angels
  6 deep elf elementalists
  39 ghost moths
  30 war gargoyles
  Aizul (Vaults:1)
  25 draconian annihilators
  56 reapers
  A juggernaut skeleton (Crypt:1)
  29 vampire knights
  46 cacodemons
  36 very ugly things
  21 ironbound preservers
  25 stone giants
  A stone giant (shapeshifter) (Zig:20)
  A rockslime zombie (Crypt:2)
  37 demonspawn blood saints
  6 ironbound thunderhulks
  16 broodmothers
  42 demonspawn black suns
  5 caustic shrike skeletons
  18 ophanim
  A starflower (Abyss:3)
  30 apis
  11 green draconians
  11 black draconians
  12 deep elf demonologists
  2 eleionomae (shapeshifter)
  6 eleionomae
  14 white draconians
  29 elemental wellsprings
  15 putrid mouths
  12 purple draconians
  30 lorocyprocas
  A minotaur (Gauntlet)
  43 wendigos
  A dire elephant (shapeshifter) (Zig:20)
  37 deep elf annihilators
  3 bunyips
  27 dire elephants
  3 spectral titans
  13 yellow draconians
  2 bunyips (shapeshifter)
  4 orange crystal statues
  Azrael (D:14)
  13 bennus
  16 red draconians
  28 eidola
  20 deep elf death magi
  10 spark wasps
  41 blizzard demons
  42 green deaths
  46 mummy priests
  30 iron golems
  11 crystal guardians
  6 jiangshi
  The ghost of dontdoit the Arsonist, a journeyman FeFE of Sif Muna (D:14)
  41 merfolk javelineers
  A quicksilver dragon zombie (Abyss:3)
  22 fire dragons
  35 entropy weavers
  27 yaktaur captains
  A spectral quicksilver dragon (Tar:3)
  17 ettins
  An entropy weaver (shapeshifter) (Zig:27)
  8 hell beasts
  4 spectral spriggans
  30 great orbs of eyes
  13 deep elf high priests
  4 shambling mangroves (Zig:14)
  31 salamander tyrants
  3 great orbs of eyes (shapeshifter)
  23 merfolk impalers
  8 ice dragons
  7 merfolk avatars
  3 juggernaut simulacra
  A spriggan zombie (Zig:13)
  3 peacekeepers
  35 vault guards
  49 hydras
  An anaconda (Zig:3)
  An ice dragon (shapeshifter) (Zig:18)
  11 rakshasas
  2 spriggan skeletons
  7 spriggan air magi
  2 ironbound frosthearts
  An anaconda (shapeshifter) (Zig:4)
  11 ogre magi
  13 catoblepae
  2 ghost crabs
  15 caustic shrike simulacra
  10 centaur warriors
  2 demonspawn (Orc:2)
  45 merfolk aquamancers
  9 radroaches
  29 boulder beetles
  43 dancing weapons
  A fenstrider witch skeleton (Crypt:2)
  5 two-headed ogres
  6 jorogumos
  A spectral frost giant (Zig:4)
  34 vampire magi
  7 alligator snapping turtles
  3 titan zombies
  3 alligators
  6 naga warriors (Zig:27)
  7 satyrs
  27 thrashing horrors
  28 hell hogs
  5 deep troll shamans
  6 stokers
  67 death scarabs
  10 death yaks
  10 deep troll earth magi
  4 spriggan berserkers
  5 shock serpents (Zig:27)
  4 tengu warriors
  A shock serpent (shapeshifter) (Depths:2)
  22 orc high priests
  18 deep elf knights
  4 holy swine (Pan)
  5 naga sharpshooters (Zig:27)
  3 storm dragon zombies
  Nergalle (D:12)
  21 hell knights
  34 shadow wraiths
  Sonja (Lair:4)
  17 crystal echidnas
  A titan skeleton (Pan)
  29 wretched stars
  14 fire crabs
  A ghost moth zombie (Crypt:3)
  4 salamander mystics
  30 skeletal warriors
  12 skysharks
  14 spatial maelstroms
  128 sun demons
  2 skysharks (shapeshifter)
  37 sixfirhies
  29 sea snakes
  17 cherubim
  20 flayed ghosts
  4 goliath frogs
  99 soul eaters
  2 deep trolls (shapeshifter)
  11 iron trolls
  14 pharaoh ants
  An iron troll (shapeshifter) (Zig:20)
  A bunyip zombie (Crypt:1)
  2 death drakes (Zig:14)
  9 sun moths
  2 death drakes (shapeshifter)
  33 deep trolls
  2 golden dragon zombies
  30 shadow demons
  13 spriggan druids
  2 quicksilver dragon simulacra
  19 glowing orange brains
  9 swamp dragons
  3 storm dragon skeletons
  31 orb spiders
  4 spriggan simulacra
  5 bog bodies
  A spectral hydra (Tar:1)
  90 starcursed masses
  A swamp dragon (shapeshifter) (Zig:17)
  25 ironbound convokers
  35 deep elf pyromancers
  27 phantasmal warriors
  2 anaconda skeletons
  23 necromancers
  A golden dragon skeleton (Zig:20)
  2 naga ritualists (Zig:27)
  27 wizards
  8 lindwurms
  11 deep elf archers
  A bunyip skeleton (Hell)
  16 steelbarb worms
  A kraken simulacrum (Hell)
  26 orc knights
  17 harpies
  A shadow dragon zombie (Zig:20)
  A fenstrider witch simulacrum (Coc:2)
  A lindwurm (shapeshifter) (Zig:19)
  2 harpies (shapeshifter)
  2 shining eyes (shapeshifter)
  3 obsidian statues
  A tengu skeleton (Zig:12)
  18 fauns
  3 mana vipers
  44 moths of wrath
  15 oklob plants
  3 manticores (shapeshifter)
  32 deep elf zephyrmancers
  35 wolf spiders
  2 iron dragon zombies
  27 orc sorcerers
  A cyclops (shapeshifter) (Zig:27)
  A spectral merfolk (Tar:1)
  A wolf spider (shapeshifter) (Zig:20)
  29 shining eyes
  60 ugly things
  5 worldbinders
  3 salamanders
  3 spectral centaurs (Tar:1)
  6 will-o-the-wisps
  37 manticores
  14 cyclopes
  A moth of wrath (shapeshifter) (Zig:7)
  13 guardian serpents (Zig:27)
  3 iron dragon skeletons
  A guardian serpent (shapeshifter) (Zig:24)
  3 nameless horrors
  19 ice statues
  8 rust devils
  14 elephants
  A centaur zombie (D:15)
  2 elephants (shapeshifter)
  32 vault sentinels
  40 black mambas
  2 water nymphs (shapeshifter)
  43 water nymphs
  24 merfolk sirens
  20 naga magi
  4 titan simulacra
  53 torpor snails
  2 eyes of devastation (shapeshifter)
  10 apocalypse crabs
  8 molten gargoyles
  40 cane toads
  3 torpor snails (shapeshifter)
  2 storm dragon simulacra
  83 smoke demons
  2 dire elephant skeletons
  47 demonic crawlers
  20 eyes of devastation
  2 unseen horrors
  41 orange demons
  8 gargoyles
  An elf skeleton (Vaults:1)
  5 anaconda simulacra
  3 sea snake zombies (Hell)
  52 tormentors
  7 rime drakes
  2 kobold demonologists (D:12)
  14 efreet
  66 hellions
  A spectral naga (Tar:4)
  15 freezing wraiths
  33 komodo dragons
  4 tengu conjurers
  A golden dragon simulacrum (Zig:21)
  3 bunyip simulacra
  A spectral deep troll (Tar:1)
  11 trolls
  23 yaktaurs
  37 ancient zymes
  8 ice devils
  3 hydra zombies
  8 red devils
  3 spectral harpies
  92 guardian mummies
  A merfolk (shapeshifter) (Zig:27)
  A grey draconian skeleton (Crypt:1)
  A troll (shapeshifter) (Abyss:3)
  2 polar bears
  3 wind drakes (shapeshifter)
  2 silent spectres
  A queen bee (D:9)
  A death drake zombie (Crypt:3)
  A tyrant leech (Zig:14)
  129 merfolk
  A queen bee (shapeshifter) (D:14)
  A harpy zombie (Crypt:1)
  3 polar bears (shapeshifter)
  3 tarantellas (shapeshifter)
  12 hornets
  20 hellwings
  28 blink frogs
  10 meliai
  An iron dragon simulacrum (Zig:12)
  3 shadow dragon simulacra
  21 wind drakes
  A sea snake skeleton (Hell)
  4 harpy skeletons
  48 tarantellas
  37 raiju
  Prince Ribbit (Lair:2)
  9 dream sheep
  A dream sheep (shapeshifter) (Zig:5)
  4 snapping turtles (shapeshifter)
  17 snapping turtles
  A stone giant simulacrum (Coc:2)
  44 flying skulls
  An alligator zombie (Hell)
  5 air elementals
  4 centaur simulacra
  26 jumping spiders
  6 dire elephant simulacra
  Sigmund (D:2)
  A shadow (D:11)
  70 ynoxinuls
  22 culicivoras
  36 ushabtiu
  3 vampires
  A spriggan (shapeshifter) (Vaults:2)
  4 spriggans
  45 water elementals
  15 wyverns
  157 slime creatures
  An alligator snapping turtle simulacrum (Coc:3)
  9 fire bats
  An ice dragon skeleton (Tomb:2)
  A wyvern (shapeshifter) (Zig:24)
  8 wraiths
  A hog (shapeshifter) (Zig:19)
  72 yaks
  109 large abominations
  19 golden eyes
  12 basilisks
  67 chaos spawn
  10 small abominations
  22 fire elementals
  6 humans (Zot:4)
  A yaktaur simulacrum (Vaults:1)
  3 steam dragons (Lair:5)
  61 neqoxecs
  6 hogs (Lair:5)
  61 redbacks
  4 vampire mosquitoes
  8 wargs
  13 harpy simulacra
  A glowing shapeshifter zombie (Zig:13)
  5 nagas (Zig:27)
  4 spatial vortices
  2 swamp worms (shapeshifter) (Zig:17)
  4 hydra simulacra
  3 acid dragons
  43 water moccasins
  27 hell hounds
  9 floating eyes
  A floating eye (shapeshifter) (Zig:12)
  A moth of wrath simulacrum (Zot:2)
  3 ice beasts
  3 glowing shapeshifter skeletons
  A black bear (D:4)
  5 great orb of eyes simulacra (IceCv)
  76 orc warriors
  A two-headed ogre skeleton (Hell)
  4 ettin simulacra
  A swamp dragon zombie (Tomb:1)
  2 sky beasts (D:7)
  23 ogres
  5 wolves
  7 centaurs
  4 slime creature simulacra (IceCv)
  2 phantoms
  7 kobold brigands (Bailey)
  A necrophage (Crypt:3)
  17 bullfrogs
  6 earth elementals
  A gnoll sergeant (D:6)
  5 scorpions
  4 glowing shapeshifter simulacra
  7 wights
  26 killer bees
  A shapeshifter skeleton (Crypt:2)
  6 electric eels
  3 howler monkeys (D:9)
  A howler monkey (shapeshifter) (Zig:27)
  A crimson imp (D:7)
  11 lava snakes
  2 hounds (D:4)
  A quasit (Abyss:1)
  5 jellies
  Crazy Yiuf (D:2)
  A bullfrog skeleton (Crypt:2)
  34 orc priests
  A gnoll bouda (D:9)
  An iron imp (Abyss:3)
  A basilisk skeleton (Crypt:3)
  A human skeleton (Crypt:3)
  18 hell rats
  2 iguanas
  A sleepcap (D:5)
  Natasha (thrice) (D:2)
  30 orc wizards
  2 boggart skeletons
  3 shapeshifter simulacra (IceCv)
  85 mummies
  13 gnolls
  5 adders
  2 shadow imps (D:6)
  7 white imps
  8 ufetubi
  A dart slug (D:3)
  100 orcs
  9 endoplasms
  A giant cockroach (D:1)
  7 goblins
  7 hobgoblins
  4 quokkas
  7 ball pythons
  5 bats
  A frilled lizard (D:2)
  A frilled lizard zombie (Crypt:1)
  2 goblin skeletons (D:7)
  A goblin zombie (D:7)
  4 hobgoblin zombies (D:7)
  13 kobolds
  2 kobold skeletons (D:7)
  A kobold zombie (D:7)
  An orc skeleton (D:7)
  3 orc zombies (D:7)
  4 rats
  A rat zombie (Crypt:1)
  2 ball lightnings (Pan)
  2 briar patches (Zig:14)
  3 bushes
  A butterfly (Lair:2)
  6 creeping infernos
  120 fire vortices
  A plant (Zig:25)
  11 starspawn tentacles
  4 tentacles (Shoals:1)
8314 creatures vanquished.

Vanquished Creatures (collateral kills)
  Antaeus (Coc:7)
  6 ancient liches
  Mara (Vaults:5)
  4 orbs of fire
  A juggernaut (Dis:7)
  3 royal mummies
  Josephina (Zot:2)
  5 shard shrikes (Coc:7)
  2 Killer Klowns
  A pandemonium lord (Zig:8)
  3 golden dragons
  A profane servitor (Tar:6)
  10 bone dragons
  2 Tzitzimimeh
  4 doom hounds
  Jory (Crypt:1)
  4 Brimstone Fiends
  3 iron giants
  A spectral shard shrike (Tar:2)
  2 tainted leviathans (Tar:7)
  2 hellephants
  10 tentacled monstrosities
  2 Ice Fiends
  10 Hell Sentinels
  15 Orb Guardians (Zot:5)
  8 titans
  A lich (Zig:15)
  The ghost of Heh the Fencer, an adept DsGl of Okawaru (Shoals:3)
  2 acid blobs
  15 searing wretches
  A death cob (Zot:1)
  7 ancient champions
  2 tentacled starspawn
  A kraken (Shoals:1)
  6 sphinxes
  2 Executioners
  2 shadow dragons (Zot:1)
  2 tengu reavers
  9 storm dragons
  A revenant (Crypt:2)
  Donald (Shoals:2)
  A nagaraja (Zig:27)
  A draconian knight (Zot:1)
  2 daevas
  3 draconian monks
  5 quicksilver elementals
  An emperor scorpion (Zig:13)
  3 fire giants
  A frost giant (Depths:2)
  A demonspawn warmonger (Pan)
  5 vault wardens
  A curse skull (Crypt:3)
  An iron dragon (Vaults:5)
  2 balrugs (Pan)
  3 draconian shifters
  2 draconian scorchers
  4 cacodemons
  A caustic shrike skeleton (Abyss:3)
  3 demonspawn corrupters
  A draconian stormcaller (Zig:25)
  An ironbound preserver (Zig:18)
  2 ghouls (Crypt:3)
  A quicksilver ooze (Zig:23)
  A stone giant (Vaults:5)
  2 very ugly things
  An ironbound thunderhulk (Vaults:4)
  6 war gargoyles
  A demonspawn blood saint (Pan)
  3 apis
  2 green draconians
  A demonspawn black sun (Pan)
  4 black draconians
  3 lorocyprocas (Pan)
  2 purple draconians
  A vampire knight (Crypt:3)
  A spark wasp (Depths:4)
  2 wendigos
  A red draconian (Zot:2)
  A bennu (Tomb:1)
  A white draconian (Zot:3)
  6 eidola
  8 dire elephants
  A yellow draconian (Zot:1)
  6 jiangshi
  An ettin (shapeshifter) (Vaults:4)
  4 green deaths
  4 mummy priests
  A blizzard demon (Zig:23)
  3 iron golems
  A spectral quicksilver dragon (Tar:6)
  An entropy weaver (Vaults:4)
  A quicksilver dragon zombie (Tomb:1)
  3 yaktaur captains
  A great orb of eyes (Slime:2)
  2 spriggan zombies
  A quicksilver dragon skeleton (Zig:12)
  A juggernaut simulacrum (Coc:7)
  A peacekeeper (Vaults:4)
  2 caustic shrike simulacra
  A salamander tyrant (Geh:6)
  A spriggan air mage (Depths:3)
  2 vault guards (Vaults:2)
  An ironbound frostheart (Vaults:4)
  5 centaur warriors
  A merfolk aquamancer (Zig:26)
  2 two-headed ogres (Vaults:5)
  A deep troll shaman (Depths:4)
  3 stokers (Geh:7)
  A naga warrior (Zig:27)
  2 death scarabs
  A vampire mage (Zig:16)
  A death yak (shapeshifter) (Vaults:5)
  A thrashing horror (Abyss:3)
  2 holy swine (Pan)
  2 spriggan berserkers (Depths:2)
  4 soul eaters (Pan)
  6 sun demons (Pan)
  7 hell knights
  4 sixfirhies (Pan)
  A storm dragon zombie (Crypt:2)
  A spectral bunyip (Tar:2)
  A glowing orange brain (Abyss:3)
  10 skeletal warriors
  2 wretched stars (Abyss:3)
  A golden dragon zombie (Tomb:3)
  2 iron trolls
  7 crystal echidnas
  A quicksilver dragon simulacrum (Coc:2)
  A spectral anaconda (Tar:7)
  A ghost moth zombie (Crypt:1)
  A storm dragon skeleton (Pan)
  An anaconda zombie (Crypt:2)
  A flayed ghost (Zig:23)
  4 sea snakes
  An orb spider (Zig:16)
  A shadow demon (Pan)
  6 deep trolls
  5 ironbound convokers
  A cherub (Pan)
  7 phantasmal warriors
  2 bog bodies (Crypt:3)
  A golden dragon skeleton (Zig:12)
  A spriggan simulacrum (Coc:1)
  2 wizards
  A fenstrider witch simulacrum (Coc:1)
  A harpy (Shoals:1)
  A lindwurm (shapeshifter) (Vaults:5)
  4 necromancers
  12 starcursed masses
  A lindwurm (Vaults:1)
  2 tengu skeletons
  2 manticores
  2 elephants (Zot:4)
  5 moths of wrath
  2 centaur zombies
  2 merfolk sirens (Shoals:1)
  A rust devil (Pan)
  A vault sentinel (Vaults:2)
  2 iron dragon skeletons
  2 smoke demons
  A water nymph (shapeshifter) (Vaults:5)
  A dire elephant zombie (Crypt:1)
  A guardian serpent (Zig:27)
  A black mamba (Zig:27)
  3 titan simulacra
  An apocalypse crab (Abyss:3)
  4 demonic crawlers (Pan)
  14 orange demons
  A naga mage (Depths:4)
  An alligator snapping turtle zombie (Crypt:2)
  A cane toad (Zig:25)
  3 yaktaurs (Vaults:5)
  A bunyip simulacrum (Coc:1)
  A komodo dragon (shapeshifter) (Vaults:5)
  A yellow draconian zombie (Crypt:3)
  3 freezing wraiths
  3 anaconda simulacra
  A tormentor (Pan)
  A red devil (Pan)
  15 guardian mummies
  An iron troll skeleton (Crypt:3)
  4 merfolk
  A polar bear (Zig:25)
  A hydra zombie (Abyss:3)
  A harpy zombie (Crypt:2)
  3 blink frogs
  2 hellwings (Pan)
  A hornet (Zig:14)
  3 raiju
  An iron dragon simulacrum (Coc:5)
  A tarantella (Zig:10)
  A harpy skeleton (Pan)
  A snapping turtle (Shoals:3)
  7 flying skulls
  A stone giant simulacrum (Coc:2)
  4 slime creatures
  31 large abominations
  An ettin skeleton (Crypt:3)
  A black mamba skeleton (Abyss:3)
  4 ushabtiu
  A fire dragon skeleton (Pan)
  2 ynoxinuls (Pan)
  A human (Zot:4)
  3 wraiths
  4 golden eyes
  9 chaos spawn
  4 water elementals
  A warg (Vaults:5)
  5 neqoxecs
  A naga zombie (Abyss:2)
  2 hydra simulacra
  A deep troll zombie (Crypt:1)
  A glowing shapeshifter zombie (Zig:20)
  A floating eye (Pan)
  A water moccasin (Zig:16)
  A cane toad skeleton (Crypt:2)
  An orc warrior (Bailey)
  3 ettin simulacra
  7 small abominations
  4 spriggan skeletons
  2 quasits
  A bullfrog skeleton (Crypt:1)
  2 iron imps
  A black bear skeleton (Crypt:1)
  A hell rat (Hell)
  An ogre zombie (Crypt:3)
  A deep dwarf zombie (Crypt:2)
  An acid dragon skeleton (Crypt:3)
  44 mummies
  3 white imps
  3 ufetubi (Abyss:3)
  A quokka (D:4)
  3 ball lightnings (Pan)
  A creeping inferno (Geh:7)
  6 fire vortices
  2 tentacles (Shoals:1)
687 creatures vanquished.

Vanquished Creatures (others)
  A Brimstone Fiend (Zig:8)
  A tengu reaver (Zig:21)
  A draconian knight (Zig:21)
  A demonspawn corrupter (Zig:23)
  A demonspawn blood saint (Zig:23)
  A lorocyproca (Pan)
  A spriggan air mage (Zig:21)
  2 merfolk aquamancers
  An ogre mage (Zig:11)
  2 death scarabs (Tomb:3)
  A soul eater (Pan)
  A spriggan simulacrum (Zig:11)
  A wizard (Vaults:2)
  A black mamba (Zig:27)
  2 smoke demons
  An iron giant simulacrum (Coc:5)
  A hellwing (Pan)
  A bloated husk (Zig:14)
  A hornet (Zig:24)
  A water elemental (Shoals:1)
  A large abomination (Abyss:3)
  A human (Lair:5)
  A ynoxinul (Pan)
  A golden eye (Abyss:3)
  A harpy simulacrum (Coc:2)
  An orc warrior (Vaults:5)
  A naga simulacrum (Coc:2)
  A ball lightning (Pan)
  A bush (Abyss:3)
  6 demonic plants
  2167 fire vortices
  13 foxfires
  34 fungi
  A lurking horror (Abyss:1)
  323 plants
  21 starspawn tentacles
  10 tentacles (Shoals:1)
2607 creatures vanquished.

Grand Total: 11608 creatures vanquished

Notes
Turn   | Place    | Note
-------+----------+-------------------------------------------
     0 | D:1      | McIvan the Barachi Ice Elementalist began the quest for the
                  | Orb.
     0 | D:1      | Reached XP level 1. HP: 13/13 MP: 3/3
   266 | D:1      | Reached skill level 5 in Ice Magic
   360 | D:1      | Reached XP level 2. HP: 19/19 MP: 3/5
   531 | D:1      | Reached skill level 1 in Conjurations
   999 | D:2      | Reached XP level 3. HP: 23/24 MP: 6/6
  1003 | D:2      | Learned a level 3 spell: Frozen Ramparts
  1007 | D:2      | Learned a level 3 spell: Stone Arrow
  1137 | D:2      | Noticed Natasha
  1147 | D:2      | Killed Natasha
  1148 | D:2      | Reached skill level 1 in Earth Magic
  1183 | D:2      | Noticed Natasha
  1190 | D:2      | Killed Natasha
  1191 | D:2      | Reached XP level 4. HP: 30/30 MP: 8/8
  1290 | D:2      | Found a runed translucent door.
  1291 | D:2      | Noticed Crazy Yiuf
  1297 | D:2      | Killed Crazy Yiuf
  1430 | D:2      | Noticed Sigmund
  1436 | D:2      | Killed Sigmund
  1437 | D:2      | Reached XP level 5. HP: 28/35 MP: 9/9
  1437 | D:2      | Reached XP level 6. HP: 32/41 MP: 10/10
  1527 | D:2      | Noticed Natasha
  1542 | D:2      | Killed Natasha
  1939 | D:3      | Found Kueniusi's Book Emporium.
  2418 | D:4      | Reached XP level 7. HP: 41/46 MP: 3/12
  3219 | D:5      | Entered Level 5 of the Dungeon
  3241 | D:5      | Found a staircase to the Ecumenical Temple.
  3259 | Temple   | Entered the Ecumenical Temple
  3294 | Temple   | Became a worshipper of Vehumet
  3340 | D:5      | Found an ornate altar of the Wu Jian Council.
  3522 | D:5      | Reached XP level 8. HP: 52/52 MP: 10/14
  3965 | D:5      | Reached skill level 5 in Earth Magic
  3969 | D:5      | Learned a level 3 spell: Ozocubu's Armour
  4477 | D:6      | Reached * piety under Vehumet
  4477 | D:6      | Offered knowledge of Kiss of Death by Vehumet.
  4842 | D:6      | Reached skill level 5 in Spellcasting
  4842 | D:6      | Reached XP level 9. HP: 47/58 MP: 11/16
  4924 | D:6      | Reached skill level 1 in Fighting
  5438 | D:7      | Found a sacrificial altar of Ru.
  5489 | D:7      | Reached skill level 5 in Conjurations
  5515 | D:7      | Reached ** piety under Vehumet
  5515 | D:7      | Offered knowledge of Shock by Vehumet.
  5588 | D:7      | Reached skill level 1 in Maces & Flails
  5729 | D:7      | Learned a level 4 spell: Summon Ice Beast
  5828 | D:7      | Found a glowing golden altar of the Shining One.
  6073 | D:7      | Found a hazy altar of Hepliaklqana.
  6164 | D:7      | Reached skill level 10 in Ice Magic
  6204 | D:7      | Reached skill level 1 in Summonings
  6972 | D:9      | Noticed a queen bee
  6976 | D:9      | Offered knowledge of Static Discharge by Vehumet.
  6977 | D:9      | Reached XP level 10. HP: 50/70 MP: 19/19
  6982 | D:9      | Reached *** piety under Vehumet
  7139 | D:9      | Found a transporter.
  7139 | D:9      | Noticed a cyan ugly thing
  7142 | D:9      | Found a transporter.
  7142 | D:9      | Found a corrupted altar of Lugonu.
  7142 | D:9      | Noticed a red ugly thing
  7144 | D:9      | Noticed a green ugly thing
  7250 | D:9      | Offered knowledge of Iskenderun's Mystic Blast by Vehumet.
  7256 | D:9      | Learned a level 4 spell: Iskenderun's Mystic Blast
  7379 | D:9      | Found a flagged portal.
  7401 | Bailey   | Entered a bailey
  7472 | Bailey   | Reached **** piety under Vehumet
  7516 | Bailey   | Noticed an orc knight
  7528 | Bailey   | Killed an orc knight
  7529 | Bailey   | Reached skill level 1 in Translocations
  7533 | Bailey   | Reached XP level 11. HP: 36/78 MP: 1/22
  7534 | Bailey   | Offered knowledge of Dazzling Flash by Vehumet.
  7538 | Bailey   | Found a bloodstained altar of Trog.
  7910 | D:9      | Found an opulent altar of Gozag.
  8071 | D:10     | Entered Level 10 of the Dungeon
  8158 | D:10     | Found a staircase to the Orcish Mines.
  8232 | D:10     | Found a broken altar of Ashenzari.
  8310 | D:10     | Reached skill level 5 in Summonings
  8353 | D:10     | Found Vileurhi's Antique Weapon Shoppe.
  8600 | D:10     | Found a stormy altar of Qazlal.
  8658 | D:10     | Found a burning altar of Makhleb.
  8658 | D:10     | Found a hide-covered altar of Uskayaw.
  8755 | D:10     | Reached ***** piety under Vehumet
  8755 | D:10     | Offered knowledge of Freezing Cloud by Vehumet.
  8756 | D:10     | Reached skill level 5 in Fighting
  8769 | D:10     | Learned a level 5 spell: Freezing Cloud
  9225 | D:11     | Identified the +6 plate armour "Oruset" {Int+5}
  9266 | D:11     | Reached skill level 1 in Armour
  9409 | D:10     | Found a bloodstained altar of Trog.
  9489 | D:11     | Noticed a cyclops
  9492 | D:11     | Killed a cyclops
  9804 | D:11     | Found an iron altar of Okawaru.
  9907 | D:11     | Found a staircase to the Lair.
 10078 | Orc:1    | Entered Level 1 of the Orcish Mines
 10406 | Orc:1    | Noticed an orc knight
 10420 | Orc:1    | Killed an orc knight
 10602 | Orc:2    | Entered Level 2 of the Orcish Mines
 10628 | Orc:2    | Reached XP level 12. HP: 84/86 MP: 24/24
 10883 | Orc:2    | Found Veagam's General Store.
 10889 | Orc:2    | Found Nysutraep's Distillery.
 10898 | Orc:2    | Reached skill level 5 in Maces & Flails
 10916 | Orc:2    | Offered knowledge of Lee's Rapid Deconstruction by Vehumet.
 10941 | Orc:2    | Bought a potion of curing for 51 gold pieces
 10941 | Orc:2    | Bought a potion of heal wounds for 85 gold pieces
 11009 | Orc:2    | Noticed a soul eater
 11019 | Orc:2    | Killed a soul eater
 11146 | Orc:2    | Noticed an orc high priest
 11148 | Orc:2    | Killed an orc high priest
 11205 | Orc:2    | Noticed a demonspawn
 11205 | Orc:2    | Noticed an orc high priest
 11208 | Orc:2    | Killed an orc high priest
 11210 | Orc:2    | Killed a demonspawn
 11364 | Orc:2    | Noticed an orc high priest
 11367 | Orc:2    | Noticed an orc high priest
 11371 | Orc:2    | Killed an orc high priest
 11371 | Orc:2    | Killed an orc high priest
 11399 | Orc:2    | Noticed a demonspawn
 11406 | Orc:2    | Killed a demonspawn
 11407 | Orc:2    | Gained mutation: You can hop long distances. [Barachi
                  | growth]
 11407 | Orc:2    | Reached XP level 13. HP: 81/94 MP: 20/26
 11521 | Orc:2    | Found Togutu's Antique Weapon Boutique.
 11521 | Orc:2    | Found Sionnid's Book Shop.
 11522 | Orc:2    | Found a one-way gate leading to the halls of Pandemonium.
 11534 | Orc:2    | Bought a polished morningstar for 198 gold pieces
 11534 | Orc:2    | Identified the +7 morningstar of Kismet {vamp, rPois Dex+6}
                  | (You bought it in a shop on level 2 of the Orcish Mines)
 11544 | Orc:2    | Bought Xovaoxze's Papyrus of Conflagrant Injury for 456
                  | gold pieces
 11544 | Orc:2    | Bought Eheferu's Folio of the Missiles for 336 gold pieces
 11550 | Orc:2    | Learned a level 5 spell: Lee's Rapid Deconstruction
 11556 | Orc:2    | Learned a level 5 spell: Iskenderun's Battlesphere
 11684 | Orc:2    | Noticed an orc warlord
 11740 | Orc:2    | Found a staircase to the Elven Halls.
 11744 | Orc:2    | Found Oruqotz's Armour Shop.
 11883 | Orc:2    | Noticed an ettin
 11887 | Orc:2    | Killed an ettin
 11888 | Orc:2    | Reached skill level 1 in Air Magic
 11966 | Orc:2    | Reached skill level 5 in Dodging
 12206 | Orc:2    | Killed an orc warlord
 12207 | Orc:2    | Reached skill level 5 in Translocations
 12499 | Orc:1    | Noticed Jorgrun
 12587 | Orc:1    | Killed Jorgrun
 12588 | Orc:1    | Reached skill level 10 in Spellcasting
 12974 | Lair:1   | Entered Level 1 of the Lair of Beasts
 13037 | Lair:1   | Identified the +3 hand axe of the Revolution {distort, rC+
                  | rN+ Int-5}
 13331 | Lair:1   | Found a frozen archway.
 13360 | IceCv    | Entered an ice cave
 13414 | IceCv    | Noticed a quicksilver ooze
 13419 | IceCv    | Killed a quicksilver ooze
 13616 | IceCv    | Noticed a quicksilver ooze
 13621 | IceCv    | Killed a quicksilver ooze
 13794 | IceCv    | Offered knowledge of Ozocubu's Refrigeration by Vehumet.
 13815 | IceCv    | Noticed a quicksilver ooze
 13854 | IceCv    | Killed a quicksilver ooze
 13862 | IceCv    | Noticed an azure jelly
 13866 | IceCv    | Killed an azure jelly
 13867 | IceCv    | Reached skill level 10 in Conjurations
 13909 | IceCv    | Noticed an azure jelly
 13918 | IceCv    | Killed an azure jelly
 13919 | IceCv    | Reached XP level 14. HP: 65/103 MP: 14/28
 14035 | IceCv    | Found a viscous altar of Jiyva.
 14081 | IceCv    | Got the ring "Osucs" {rC+ Will+ Int+3 Stlth-}
 14085 | IceCv    | Got the +3 whip of a Thousand Stories {freeze, rN++ rCorr
                  | Dex+2 Stlth-}
 14345 | Lair:1   | Reached skill level 5 in Air Magic
 14688 | Lair:2   | Noticed Gastronok
 14767 | Lair:2   | Noticed Prince Ribbit
 14776 | Lair:2   | Killed Prince Ribbit
 14819 | Lair:2   | Found a staircase to the Shoals.
 14833 | Lair:2   | Killed Gastronok
 15672 | Lair:2   | Found a hole to the Spider Nest.
 15796 | Lair:3   | Found a dark tunnel.
 15808 | Volcano  | Entered a volcano
 15895 | Volcano  | Offered knowledge of Arcjolt by Vehumet.
 16173 | Volcano  | Found a radiant altar of Vehumet.
 17334 | Lair:4   | Found a staircase to the Slime Pits.
 17334 | Lair:4   | Found a viscous altar of Jiyva.
 17359 | Lair:4   | Noticed Sonja
 17366 | Lair:4   | You fall into a shaft and drop 1 floor!
 17366 | Lair:5   | Entered Level 5 of the Lair of Beasts
 17406 | Lair:4   | Noticed Rupert
 17414 | Lair:4   | Killed Rupert
 17499 | Lair:4   | Found a gate leading to a gauntlet.
 17507 | Lair:4   | Reached XP level 15. HP: 112/112 MP: 30/30
 17542 | Gauntlet | Entered a Gauntlet
 17542 | Gauntlet | Found a transporter.
 17542 | Gauntlet | Found a transporter.
 17542 | Gauntlet | Found a runed translucent gate.
 17542 | Gauntlet | Found a runed translucent gate.
 17542 | Gauntlet | Found a runed translucent gate.
 17543 | Gauntlet | Found a transporter.
 17543 | Gauntlet | Found a transporter.
 17557 | Gauntlet | Found a transporter.
 17565 | Gauntlet | Found a transporter.
 17572 | Gauntlet | Found a transporter.
 17582 | Gauntlet | Found a transporter.
 17600 | Gauntlet | Found a transporter.
 17618 | Gauntlet | Found a transporter.
 17618 | Gauntlet | Found a transporter.
 17627 | Gauntlet | Found a transporter.
 17891 | Gauntlet | Identified the +0 helmet of the Evening {Dex+4}
 18329 | Lair:4   | Killed Sonja
 18928 | Lair:5   | Reached skill level 1 in Fire Magic
 18978 | Lair:5   | Noticed Kirke
 18984 | Lair:5   | Killed Kirke
 18985 | Lair:5   | Reached skill level 15 in Ice Magic
 19133 | Lair:5   | Identified a scroll of acquirement
 19173 | Lair:5   | Acquired the Folio of Violent Alteration
 19370 | Lair:5   | Reached ****** piety under Vehumet
 19384 | Lair:5   | Found a large runed translucent door.
 19384 | Lair:5   | Found a large runed translucent door.
 20617 | Spider:1 | Entered Level 1 of the Spider Nest
 20621 | Spider:1 | Offered knowledge of Iron Shot by Vehumet.
 21108 | Spider:1 | You fall into a shaft and drop 1 floor!
 21234 | Spider:1 | Reached skill level 1 in Ranged Weapons
 21640 | Spider:1 | Learned a level 6 spell: Iron Shot
 22126 | Spider:1 | Reached XP level 16. HP: 113/120 MP: 32/32
 22972 | Spider:2 | Identified the ring of Kaimar {rN+ MP+9 Str+3}
 23493 | Spider:2 | Offered knowledge of Yara's Violent Unravelling by Vehumet.
 24114 | Spider:3 | Reached skill level 5 in Fire Magic
 24852 | Spider:3 | Reached skill level 1 in Shields
 25363 | Spider:4 | Entered Level 4 of the Spider Nest
 26203 | Spider:4 | Offered knowledge of Spellforged Servitor by Vehumet.
 26369 | Spider:4 | Reached skill level 10 in Fighting
 26633 | Spider:4 | Reached skill level 5 in Armour
 26847 | Spider:4 | Reached XP level 17. HP: 119/128 MP: 34/34
 26855 | Spider:4 | Learned a level 7 spell: Spellforged Servitor
 27666 | Spider:4 | Reached skill level 10 in Air Magic
 27761 | Spider:4 | Got a gossamer rune of Zot
 28162 | Shoals:1 | Entered Level 1 of the Shoals
 28184 | Shoals:1 | Noticed Mlioglotl
 28194 | Shoals:1 | Killed Mlioglotl
 28885 | Shoals:1 | Found Naher's Weapon Boutique.
 28945 | Shoals:1 | Found Ynnucyole's Antique Weapon Emporium.
 28980 | Shoals:1 | Noticed a kraken
 28986 | Shoals:1 | Killed a kraken
 28990 | Shoals:1 | Reached skill level 1 in Evocations
 29053 | Shoals:1 | Found a runed translucent door.
 29063 | Shoals:1 | Noticed a kraken
 29071 | Shoals:1 | Killed a kraken
 29316 | Shoals:1 | Offered knowledge of Fire Storm by Vehumet.
 29316 | Shoals:1 | Offered knowledge of Chain Lightning by Vehumet.
 29316 | Shoals:1 | Offered knowledge of Polar Vortex by Vehumet.
 29866 | Shoals:1 | Noticed a kraken
 29874 | Shoals:1 | Killed a kraken
 29932 | Shoals:1 | Identified the +1 robe of the Fiddle {rC+ Dex+4}
 30758 | Shoals:2 | Noticed Donald
 30765 | Shoals:2 | Killed Donald
 31170 | Shoals:2 | Identified the +1 animal skin "Dimaedeuc" {rElec rC+ Will++
                  | Str-4}
 31808 | Shoals:3 | Reached XP level 18. HP: 136/136 MP: 35/35
 32341 | Shoals:3 | Found a runed translucent gate.
 32341 | Shoals:3 | Found a runed translucent gate.
 33048 | Shoals:3 | Noticed Heh's ghost (adept DsGl)
 33049 | Shoals:3 | Found a runed translucent gate.
 33449 | Shoals:3 | Identified the +2 leather armour of the Iron City of Dis
                  | {rPois Regen+ Int-5 Dex+3}
 33454 | Shoals:3 | Identified the +1 pair of gloves of Paranoia {SInv}
 33707 | Shoals:3 | Killed Heh's ghost
 34088 | Shoals:3 | Learned a level 6 spell: Plasma Beam
 34089 | Shoals:4 | Entered Level 4 of the Shoals
 34241 | Shoals:4 | Identified the +0 war axe of Zaashuwe {elec, rPois rC+
                  | Str-2}
 34577 | Shoals:4 | Reached skill level 10 in Maces & Flails
 35600 | Shoals:4 | Got a barnacled rune of Zot
 35639 | Shoals:4 | Found the necklace of Bloodlust {Fury *Rage Will++ Int-3
                  | Slay+6}
 36150 | D:9      | Identified the +0 pair of gloves of Impressiveness {+Inv}
 36249 | Elf:1    | Entered Level 1 of the Elven Halls
 36412 | Elf:1    | Reached skill level 10 in Earth Magic
 36490 | Elf:1    | Paralysed by an air elemental for 1 turns
 36514 | Elf:1    | Reached skill level 5 in Ranged Weapons
 36764 | Elf:1    | Got Sif Muna's Book of the Boggart
 36777 | Elf:1    | Reached XP level 19. HP: 140/143 MP: 37/37
 37712 | Elf:2    | Found a runed translucent door.
 37741 | Elf:2    | Found a runed translucent door.
 38529 | Elf:2    | Reached skill level 10 in Summonings
 39698 | Elf:3    | Entered Level 3 of the Elven Halls
 39701 | Elf:3    | Found a runed translucent gate.
 39701 | Elf:3    | Found a runed translucent gate.
 39701 | Elf:3    | Found a runed translucent gate.
 39770 | Elf:3    | Found Hucweal's Book Boutique.
 39770 | Elf:3    | Found Namidaec's Book Boutique.
 39770 | Elf:3    | Found Iblinoyn's Assorted Antiques.
 39770 | Elf:3    | Found Maotoh's General Store.
 39894 | Elf:3    | Found a flickering gateway to a bazaar.
 39908 | Bazaar   | Entered a bazaar
 39908 | Bazaar   | Found Erirev's Armour Emporium.
 39908 | Bazaar   | Found Yrhaenom's Distillery.
 39908 | Bazaar   | Found Deiggado's Assorted Antiques.
 39909 | Bazaar   | Found Ihunkem's General Store.
 39921 | Bazaar   | Bought a potion of heal wounds for 45 gold pieces
 39921 | Bazaar   | Bought a potion of haste for 90 gold pieces
 39924 | Bazaar   | Bought a scroll of acquirement for 884 gold pieces
 39924 | Bazaar   | Bought the ring "Igee" {rN++ Will+ rCorr Int-2} for 746
                  | gold pieces
 39933 | Bazaar   | Bought an iridescent trident for 136 gold pieces
 39933 | Bazaar   | Identified the +7 trident of Boepso {flame, Str+2 Dex+2
                  | Stlth+} (You bought it in a shop in a bazaar)
 39933 | Bazaar   | Bought 2 potions of invisibility for 256 gold pieces
 39933 | Bazaar   | Bought a potion of magic for 128 gold pieces
 39933 | Bazaar   | Acquired 890 gold pieces
 40094 | Elf:3    | Reached skill level 10 in Dodging
 40293 | Elf:3    | Bought a jewelled buckler for 313 gold pieces
 40293 | Elf:3    | Identified the +3 buckler of Elyvilon's Fury {Str+5 Dex-3}
                  | (You bought it in a shop on level 3 of the Elven Halls)
 40942 | Elf:3    | Identified the ring of Bainebaf {Ice rElec rN+++ Str-2
                  | SInv}
 41033 | Elf:3    | Identified the +2 scimitar of Qadoe {holy, *Slow Int+9}
 41033 | Elf:3    | Identified the amulet of Kaih {Faith +Inv rF+ Stlth+}
 41132 | Elf:3    | Reached XP level 20. HP: 151/151 MP: 38/38
 41266 | Elf:3    | Identified the +9 short sword of Kyuraic {speed, Int+4}
 41269 | Elf:3    | Identified the ring of Foomo {*Slow rC+ Int+3 Stlth+}
 41289 | Elf:3    | Reached skill level 5 in Evocations
 41748 | Elf:3    | Identified the +2 dagger "Doypnec" {protect, Contam rPois
                  | rF+ rCorr}
 41752 | Elf:3    | Got the Tome of Gathered Poisoning
 41761 | Elf:3    | Got the Catalogue of Non-Euclidean Arcane Combat
 41769 | Elf:3    | Identified the staff of poison "Ipek Toi" {rPois Will+
                  | Str+2 Int-4}
 41786 | Elf:3    | Identified the staff of earth "Duhull" {Dex+2}
 41788 | Elf:3    | Identified the staff of earth "Sallaw" {Dex+3}
 42834 | D:12     | Identified the +4 leather armour of the Sunfish {rElec rF+
                  | Slay-6}
 42976 | D:12     | Found the +6 shillelagh "Devastator" {shatter}
 43062 | D:12     | Identified the amulet "Irogeah" {RegenMP Will+}
 43154 | D:12     | Noticed Nergalle
 43161 | D:12     | Killed Nergalle
 43994 | D:13     | Found a portal to a secret trove of treasure.
 44468 | D:14     | Found a gate to the Vaults.
 44693 | D:14     | Noticed Azrael
 44700 | D:14     | Killed Azrael
 44701 | D:14     | Reached skill level 1 in Throwing
 44701 | D:14     | Reached skill level 15 in Spellcasting
 45004 | D:14     | Found a runed translucent door.
 45005 | D:14     | Noticed dontdoit's ghost (journeyman FeFE)
 45014 | D:14     | Killed dontdoit's ghost
 45288 | D:15     | Entered Level 15 of the Dungeon
 45819 | D:15     | Noticed Roxanne
 45828 | D:15     | Killed Roxanne
 46134 | D:15     | Found a staircase to the Depths.
 46203 | Depths:1 | Entered Level 1 of the Depths
 46274 | Depths:1 | Found a shadowy altar of Dithmenos.
 46500 | Depths:1 | Found a gateway to Hell.
 46590 | Depths:1 | Reached XP level 21. HP: 159/159 MP: 40/40
 46596 | Depths:1 | Reached skill level 15 in Conjurations
 46686 | Depths:1 | Found a blossoming altar of Fedhas.
 46696 | Depths:1 | Reached skill level 5 in Shields
 47937 | D:13     | You paid a toll of 7 scrolls of fear to enter a treasure
                  | trove
 47938 | Trove    | Entered a treasure trove
 47942 | Trove    | Identified the ring "Acoxaiff" {rPois rF+ Will+++ Str+3
                  | Dex-2}
 47944 | Trove    | Identified the ring of Fiamump {Str+2 SInv}
 47946 | Trove    | Identified the ring of Xafem {rPois rC+ rCorr Str-3 Int+7}
 47952 | Trove    | Identified the ring "Kaq Ulla" {Fly Will+ Dex+4}
 47955 | Trove    | Identified the ring of Lagid {Drain rPois rF+ Dex+4}
 47961 | Trove    | Identified the ring "Zesiuplyih" {rC+ Str+6}
 47967 | Trove    | Identified the amulet "Zoukief" {Faith rCorr Stlth+}
 47973 | Trove    | Identified the ring of Hassoroc {Drain rElec rC+ Int+4}
 47975 | Trove    | Identified the ring "Qoskien" {rElec Str+2 Int+4 SInv}
 48754 | Depths:2 | Learned a level 2 spell: Passwall
 48778 | Depths:2 | Got the Monograph on Despicable Mysteries
 50367 | Depths:3 | Reached XP level 22. HP: 114/167 MP: 41/41
 50735 | Depths:3 | Noticed a golden dragon
 51187 | Depths:3 | Found a one-way gate to the infinite horrors of the Abyss.
 51695 | Depths:4 | Entered Level 4 of the Depths
 52511 | Depths:4 | Found a gate to the Realm of Zot.
 52574 | Depths:4 | Identified the +0 helmet of Cleverly Designed Awe {rC+
                  | Int+3}
 52763 | Depths:4 | Found a one-way gateway to a ziggurat.
 52950 | Depths:4 | Found a radiant altar of Vehumet.
 52950 | Depths:4 | Found the +2 hat of the Bear Spirit {Spirit, Bear, *Rage
                  | Will++}
 52950 | Depths:4 | Found the +4 robe of Folly {Brill Will-∞ Int+8}
 52972 | Depths:4 | Identified the +0 robe of Sloth {*Corrode rElec Str+2
                  | Dex+4}
 52983 | Depths:4 | Identified the +0 robe of Pleasant Breezes {rPois rC+ Dex+2
                  | Stlth-}
 53050 | Depths:4 | Identified the +5 rapier of Moral Flaws {drain, Int+6
                  | Stlth-}
 53365 | Lair:1   | Learned a level 9 spell: Polar Vortex
 53524 | Vaults:1 | Entered Level 1 of the Vaults
 53658 | Vaults:1 | Reached skill level 5 in Throwing
 53931 | Vaults:1 | Found Cifrado's General Store.
 53953 | Vaults:1 | Bought a scroll of blinking for 120 gold pieces
 54012 | Vaults:1 | Identified the +4 arbalest "Seowui" {elec, Dex+4}
 54159 | Vaults:1 | Noticed Aizul
 54166 | Vaults:1 | Killed Aizul
 54167 | Vaults:1 | Reached XP level 23. HP: 175/175 MP: 43/43
 54363 | Vaults:1 | Identified the +1 morningstar of the Eleven Knives {heavy,
                  | rF- Int+8}
 55315 | Vaults:2 | Found Ymol's General Store.
 55806 | Vaults:2 | Identified the ring of Ynodorew {rN++ rCorr}
 55808 | Vaults:2 | Identified the +9 mace of the Ancient Eyes {vamp, rPois
                  | rF+}
 55832 | Vaults:2 | Identified the +8 fire dragon scales "Sutsyuh" {+Blink rF++
                  | rC- Str+3}
 55836 | Vaults:2 | Acquired the +1 buckler of Proximity {rF++ Regen+}
 56651 | Vaults:3 | Reached skill level 15 in Air Magic
 57153 | Vaults:3 | Found a staircase to the Crypt.
 58082 | Vaults:4 | Reached XP level 24. HP: 162/184 MP: 44/44
 58514 | Vaults:4 | Found Guownyedgh's Antique Armour Shoppe.
 58522 | Vaults:4 | Bought a runed ring mail for 308 gold pieces
 58745 | Crypt:1  | Entered Level 1 of the Crypt
 58793 | Crypt:1  | Noticed Jory
 58803 | Crypt:1  | Killed Jory
 59767 | Crypt:1  | Noticed Vv
 59886 | Crypt:1  | Killed Vv
 60503 | Crypt:2  | Found a magical portal.
 60508 | WizLab   | Entered Wucad Mu's Monastery
 60772 | WizLab   | Found the crystal ball of Wucad Mu {*channel}
 60853 | WizLab   | Reached XP level 25. HP: 191/191 MP: 44/44
 61745 | Crypt:3  | Entered Level 3 of the Crypt
 62120 | Crypt:3  | Found a staircase to the Tomb.
 62932 | Crypt:3  | Identified the staff of fire "Jetweasy" {rElec rF+ Dex+3
                  | SInv}
 63355 | Crypt:3  | Noticed a royal mummy
 63379 | Crypt:3  | Killed a royal mummy
 63523 | Crypt:3  | Found a basalt altar of Yredelemnul.
 63535 | Crypt:3  | Reached skill level 1 in Staves
 63763 | Crypt:3  | Identified the staff of fire "Budap" {Fragile Fly rF+ Int+2
                  | Dex+3}
 63938 | Crypt:3  | Learned a level 7 spell: Orb of Destruction
 64405 | Crypt:3  | Got the Catalogue of Left-Handed Arts
 64429 | Crypt:3  | Reached skill level 15 in Fighting
 64920 | Slime:1  | Entered Level 1 of the Pits of Slime
 64948 | Slime:1  | Reached XP level 26. HP: 185/201 MP: 42/45
 65367 | Slime:2  | Reached skill level 10 in Evocations
 66704 | Slime:5  | Entered Level 5 of the Pits of Slime
 66789 | Slime:5  | Noticed the Royal Jelly
 66800 | Slime:5  | Killed the Royal Jelly
 66983 | Slime:5  | Identified the +2 trident "Kyrhil Pomp" {drain, Will+ rCorr
                  | Int+2 Dex-5}
 66995 | Slime:5  | Got a slimy rune of Zot
 67006 | Slime:5  | Identified the +10 rapier of the Ten Continents {speed,
                  | Will- Str+6 Int-3}
 67029 | Slime:5  | Identified the staff of fire "Oniczen" {Contam rElec rPois
                  | rF+ rN++}
 67033 | Slime:5  | Identified the +6 long sword of Patience {freeze, rC+
                  | Dex+2}
 67058 | Slime:5  | Identified the ring of Gosy {rElec rN+ Will+ MP-9}
 67065 | Slime:5  | Identified the staff of death "Ranilunli" {rF+ rN+}
 67164 | Slime:5  | Identified the +7 mace of the Baking Gods {freeze, *Rage
                  | rPois Str+4}
 68211 | Vaults:5 | Entered Level 5 of the Vaults
 68211 | Vaults:5 | Noticed Saint Roka
 68214 | Vaults:5 | Noticed an ancient lich
 68219 | Vaults:5 | Killed Saint Roka
 68221 | Vaults:5 | Noticed an ancient lich
 68235 | Vaults:5 | Killed an ancient lich
 68236 | Vaults:5 | Killed an ancient lich
 68479 | Vaults:5 | Noticed Mara
 68702 | Vaults:5 | Reached skill level 5 in Staves
 68711 | Vaults:5 | Reached XP level 27. HP: 58/212 MP: 17/45
 68946 | Vaults:5 | Identified the +4 short sword of the Ageing Gods {heavy,
                  | Int+2}
 68946 | Vaults:5 | Identified the +0 robe of Jigsaw {rPois Dex+2 Archmagi}
 69421 | Vaults:5 | Identified the ring "Fimeem" {Fly rElec Str+3 Dex+2 Stlth+}
 69429 | Vaults:5 | Noticed Margery
 69431 | Vaults:5 | Identified the staff of earth "Gapemp" {rC+ rN+ rCorr}
 69431 | Vaults:5 | Identified the +2 robe of Time Monsters {rElec rPois Str+3
                  | Stlth+}
 69433 | Vaults:5 | Killed Margery
 69553 | Vaults:5 | Killed Mara
 69692 | Vaults:5 | Identified the +1 pair of boots "Ykien" {Harm rC+ Str+4}
 69812 | Vaults:5 | Reached skill level 10 in Armour
 70224 | Vaults:5 | Identified the ring of the Lizard {Fly Str-5 Int+8}
 70500 | Vaults:5 | Noticed an ancient lich
 70504 | Vaults:5 | Killed an ancient lich
 70678 | Vaults:5 | Got a silver rune of Zot
 71265 | Lair:1   | Learned a level 9 spell: Chain Lightning
 71504 | Zot:1    | Entered Level 1 of the Realm of Zot
 71592 | Zot:1    | Noticed an orb of fire
 71602 | Zot:1    | Killed an orb of fire
 71702 | Zot:1    | Found a transporter.
 71873 | Zot:1    | Noticed Parghit
 71895 | Zot:1    | Killed Parghit
 72237 | Zot:1    | Found a transporter.
 72607 | Zot:1    | Noticed an orb of fire
 72610 | Zot:1    | Noticed an orb of fire
 72619 | Zot:1    | Gained mutation: Your flesh is heat resistant. (rF+) [an
                  | orb of fire]
 72631 | Zot:1    | Gained mutation: You are frail. (-10% HP) [an orb of fire]
 72632 | Zot:1    | Killed an orb of fire
 72865 | Zot:1    | Killed an orb of fire
 72936 | Zot:1    | Identified the ring "Siorot" {rPois Str+6}
 72975 | Zot:1    | Identified the ring of Zozodiuz {+Blink rCorr}
 73070 | Zot:2    | Reached skill level 10 in Fire Magic
 73341 | Zot:2    | Identified the ring of Paranoia {Ice rPois Dex+3}
 73341 | Zot:2    | Noticed Josephina
 73344 | Zot:2    | Killed Josephina
 76201 | Zot:4    | Noticed an orb of fire
 76205 | Zot:4    | Killed an orb of fire
 76567 | Zot:4    | Acquired Maxwell's Memoranda
 76575 | Zot:4    | Learned a level 5 spell: Arcjolt
 76584 | Zot:4    | Learned a level 8 spell: Maxwell's Capacitive Coupling
 76945 | Zot:5    | Entered Level 5 of the Realm of Zot
 77230 | Zot:5    | Noticed an orb of fire
 77246 | Zot:5    | Killed an orb of fire
 77594 | Zot:5    | Noticed a dread lich
 77600 | Zot:5    | Killed a dread lich
 77601 | Zot:5    | Reached skill level 15 in Fire Magic
 77623 | Zot:5    | Noticed an ancient lich
 77637 | Zot:5    | Killed an ancient lich
 77743 | Zot:5    | Noticed an orb of fire
 77743 | Zot:5    | Noticed an orb of fire
 77744 | Zot:5    | Noticed an orb of fire
 77760 | Zot:5    | Noticed an orb of fire
 77763 | Zot:5    | Killed an orb of fire
 77766 | Zot:5    | Killed an orb of fire
 77770 | Zot:5    | Noticed an orb of fire
 77777 | Zot:5    | Killed an orb of fire
 77779 | Zot:5    | Killed an orb of fire
 78003 | Zot:5    | Gained mutation: Armour fits poorly on your strangely
                  | shaped body. [an orb of fire]
 78003 | Zot:5    | Killed an orb of fire
 78004 | Zot:5    | Lost mutation: You are frail. (-10% HP) [potion of
                  | mutation]
 78004 | Zot:5    | Lost mutation: Armour fits poorly on your strangely shaped
                  | body. [potion of mutation]
 78004 | Zot:5    | Gained mutation: You possess an exceptional clarity of
                  | mind. [potion of mutation]
 78004 | Zot:5    | Gained mutation: You have hidden genetic defects. [potion
                  | of mutation]
 78270 | Zot:5    | Noticed an orb of fire
 78271 | Zot:5    | Noticed a dread lich
 78273 | Zot:5    | Noticed an orb of fire
 78273 | Zot:5    | Noticed an orb of fire
 78274 | Zot:5    | Lost mutation: Your flesh is heat resistant. (rF+) [an orb
                  | of fire]
 78277 | Zot:5    | Killed an orb of fire
 78278 | Zot:5    | Killed a dread lich
 78280 | Zot:5    | Killed an orb of fire
 78280 | Zot:5    | Gained mutation: You are frail. (-10% HP) [hidden defects]
 78281 | Zot:5    | Killed an orb of fire
 78666 | Zot:5    | Noticed an ancient lich
 78670 | Zot:5    | Killed an ancient lich
 78978 | Lair:1   | Lost mutation: You are frail. (-10% HP) [potion of
                  | mutation]
 78978 | Lair:1   | Lost mutation: You possess an exceptional clarity of mind.
                  | [potion of mutation]
 78978 | Lair:1   | Gained mutation: Armour fits poorly on your strangely
                  | shaped body. [potion of mutation]
 78978 | Lair:1   | Gained mutation: You are frail. (-10% HP) [potion of
                  | mutation]
 78978 | Lair:1   | Gained mutation: Your natural rate of healing is unusually
                  | fast. [potion of mutation]
 78979 | Lair:1   | Lost mutation: Armour fits poorly on your strangely shaped
                  | body. [potion of mutation]
 78979 | Lair:1   | Lost mutation: Your natural rate of healing is unusually
                  | fast. [potion of mutation]
 78979 | Lair:1   | Lost mutation: You have hidden genetic defects. [potion of
                  | mutation]
 78979 | Lair:1   | Gained mutation: Armour fits poorly on your strangely
                  | shaped body. [potion of mutation]
 78979 | Lair:1   | Gained mutation: You are partially covered in iridescent
                  | scales. (AC +2) [potion of mutation]
 78979 | Lair:1   | Gained mutation: You are agile. (Dex +4, Str/Int -1)
                  | [potion of mutation]
 79035 | Lair:1   | Learned a level 9 spell: Fire Storm
 79711 | Depths:3 | Voluntarily entered the Abyss.
 79717 | Abyss:1  | Found a corrupted altar of Lugonu.
 79805 | Abyss:1  | Found a corrupted altar of Lugonu.
 80127 | Abyss:1  | Found a corrupted altar of Lugonu.
 80133 | Abyss:1  | Found a corrupted altar of Lugonu.
 80234 | Abyss:3  | Found a corrupted altar of Lugonu.
 80317 | Abyss:3  | Found a corrupted altar of Lugonu.
 80328 | Abyss:3  | Found a corrupted altar of Lugonu.
 80357 | Abyss:3  | Noticed a dread lich
 80364 | Abyss:3  | Killed a dread lich
 80414 | Abyss:3  | Found a corrupted altar of Lugonu.
 80526 | Abyss:3  | Paralysed by a floating eye for 4 turns
 80810 | Abyss:3  | Found a corrupted altar of Lugonu.
 81137 | Abyss:3  | Gained mutation: You are occasionally teleported next to
                  | monsters. [a neqoxec]
 81401 | Abyss:3  | Got an abyssal rune of Zot
 81415 | Depths:3 | Escaped the Abyss
 81648 | Lair:1   | Lost mutation: You are frail. (-10% HP) [potion of
                  | mutation]
 81648 | Lair:1   | Lost mutation: You are partially covered in iridescent
                  | scales. (AC +2) [potion of mutation]
 81648 | Lair:1   | Gained mutation: Your magical capacity is low. (-10% MP)
                  | [potion of mutation]
 81648 | Lair:1   | Gained mutation: You sometimes lose your temper in combat.
                  | [potion of mutation]
 81649 | Lair:1   | Lost mutation: Your magical capacity is low. (-10% MP)
                  | [potion of mutation]
 81649 | Lair:1   | Lost mutation: Armour fits poorly on your strangely shaped
                  | body. [potion of mutation]
 81649 | Lair:1   | Lost mutation: You are occasionally teleported next to
                  | monsters. [potion of mutation]
 81649 | Lair:1   | Gained mutation: You are robust. (+10% HP) [potion of
                  | mutation]
 81649 | Lair:1   | Gained mutation: Your spells are a little harder to cast,
                  | but a little more powerful. [potion of mutation]
 81849 | Hell     | Entered the Vestibule of Hell
 81849 | Hell     | Noticed Geryon
 81854 | Hell     | Killed Geryon
 82046 | Hell     | Found a gateway to the Iron City of Dis.
 82129 | Hell     | Found a gateway to the ashen valley of Gehenna.
 82254 | Hell     | Found a gateway to the decaying netherworld of Tartarus.
 82358 | Hell     | Found a gateway to the freezing wastes of Cocytus.
 82609 | Coc:1    | Entered Level 1 of Cocytus
 83508 | Coc:3    | Learned a level 4 spell: Manifold Assault
 84024 | Coc:6    | Reached skill level 10 in Translocations
 84025 | Coc:6    | Noticed an ancient lich
 84027 | Coc:6    | Killed an ancient lich
 84234 | Coc:7    | Entered Level 7 of Cocytus
 84826 | Coc:7    | Reached skill level 10 in Staves
 85682 | Coc:7    | Noticed Antaeus
 85697 | Coc:7    | Killed Antaeus
 85788 | Coc:7    | Got an icy rune of Zot
 85791 | Coc:7    | Identified the +4 plate armour of the Beastly Slorg {Fly
                  | rCorr Dex-5}
 85809 | Coc:7    | Acquired the Encyclopedia of Transposed Burning
 85836 | Coc:7    | Learned a level 8 spell: Ignition
 85839 | Coc:7    | Identified the staff of earth "Eddofiepu" {Int+4 Stlth+}
 86091 | Tar:1    | Entered Level 1 of Tartarus
 87076 | Tar:5    | You fall into a shaft and drop 1 floor!
 87381 | Tar:7    | Entered Level 7 of Tartarus
 87512 | Tar:7    | Gained mutation: You occasionally lose the ability to read
                  | scrolls when taking damage. [mutagenic glow]
 87513 | Tar:7    | Lost mutation: You sometimes lose your temper in combat.
                  | [potion of mutation]
 87513 | Tar:7    | Lost mutation: You are robust. (+10% HP) [potion of
                  | mutation]
 87513 | Tar:7    | Gained mutation: You have hidden genetic potential. [potion
                  | of mutation]
 87513 | Tar:7    | Lost mutation: You are agile. (Dex +4, Str/Int -1) [potion
                  | of mutation]
 87662 | Tar:7    | Reached skill level 15 in Translocations
 88010 | Tar:7    | Noticed an ancient lich
 88016 | Tar:7    | Killed an ancient lich
 88017 | Tar:7    | Reached skill level 15 in Evocations
 88053 | Tar:7    | Reached skill level 10 in Shields
 88251 | Tar:7    | Noticed an ancient lich
 88262 | Tar:7    | Killed an ancient lich
 88429 | Tar:7    | Identified the +8 flail of Hubris {spect, rF+ Str-4 Int+3}
 88450 | Tar:7    | Identified the +0 war axe of the Iron City of Dis {venom,
                  | Fly Dex+2}
 88470 | Tar:7    | Noticed Ereshkigal
 88484 | Tar:7    | Killed Ereshkigal
 88534 | Tar:7    | Noticed a dread lich
 88537 | Tar:7    | Killed a dread lich
 88819 | Tar:7    | Identified the +4 broad axe "Globulus" {holy, Will+}
 89097 | Tar:7    | Got a bone rune of Zot
 89235 | Tar:7    | Found the +5 demon whip "Spellbinder" {antimagic, disrupt,
                  | Will+}
 89249 | Tar:7    | Got the Guidebook on the Blink Frog and Effluvium
 89270 | Tar:7    | Noticed a dread lich
 89274 | Tar:7    | Killed a dread lich
 89410 | Geh:1    | Entered Level 1 of Gehenna
 89814 | Geh:2    | Noticed an ancient lich
 89814 | Geh:2    | Noticed a dread lich
 89814 | Geh:2    | Noticed an ancient lich
 89814 | Geh:2    | Noticed an ancient lich
 89816 | Geh:2    | Killed an ancient lich
 89817 | Geh:2    | Killed a dread lich
 89817 | Geh:2    | Killed an ancient lich
 89818 | Geh:2    | Killed an ancient lich
 91589 | Geh:7    | Entered Level 7 of Gehenna
 92001 | Geh:7    | Noticed the Serpent of Hell
 92009 | Geh:7    | Killed the Serpent of Hell
 92012 | Geh:7    | Gained mutation: Your muscles are strong. (Str +4, Int/Dex
                  | -1) [hidden potential]
 92631 | Geh:7    | Found the dreamshard necklace {*Dream Drain}
 92767 | Geh:7    | Found the +13 sceptre of Asmodeus
 92767 | Geh:7    | Noticed Asmodeus
 92779 | Geh:7    | Killed Asmodeus
 92794 | Geh:7    | Got an obsidian rune of Zot
 92968 | Geh:7    | Got Lyely's Monograph on the Tektite
 93220 | Dis:1    | Entered Level 1 of the Iron City of Dis
 94183 | Dis:3    | You fall into a shaft and drop 3 floors!
 94621 | Dis:5    | Gained mutation: You have large cloven feet. [hidden
                  | potential]
 94621 | Dis:5    | Lost mutation: You have hidden genetic potential. [hidden
                  | potential expressed]
 94812 | Dis:6    | Learned a level 5 spell: Irradiate
 94814 | Dis:6    | Gained mutation: Your body sometimes deteriorates upon
                  | taking damage. [mutagenic glow]
 94887 | Dis:7    | Entered Level 7 of the Iron City of Dis
 95392 | Dis:7    | Lost mutation: Your spells are a little harder to cast, but
                  | a little more powerful. [potion of mutation]
 95392 | Dis:7    | Lost mutation: Your muscles are strong. (Str +4, Int/Dex
                  | -1) [potion of mutation]
 95392 | Dis:7    | Lost mutation: You have large cloven feet. [potion of
                  | mutation]
 95392 | Dis:7    | Gained mutation: Your body often deteriorates upon taking
                  | damage. [potion of mutation]
 95393 | Dis:7    | Lost mutation: You occasionally lose the ability to read
                  | scrolls when taking damage. [potion of mutation]
 95393 | Dis:7    | Lost mutation: Your body often deteriorates upon taking
                  | damage. [potion of mutation]
 95393 | Dis:7    | Lost mutation: Your body sometimes deteriorates upon taking
                  | damage. [potion of mutation]
 95393 | Dis:7    | Gained mutation: You passively dampen the noise of your
                  | surroundings. [potion of mutation]
 95393 | Dis:7    | Gained mutation: You are vulnerable to cold. (rC-) [potion
                  | of mutation]
 95393 | Dis:7    | Gained mutation: Your movements are slightly less
                  | encumbered by armour. (ER -2) [potion of mutation]
 96113 | Dis:7    | Noticed a juggernaut
 96117 | Dis:7    | Killed a juggernaut
 96189 | Dis:7    | Identified the ring "Guxuy" {rC+++ rN+ Int+4 Dex-5 SInv}
 96194 | Dis:7    | Identified the amulet of Huusac Tos {Spirit Will+}
 96195 | Dis:7    | Identified the staff of fire "Ymykkurgh" {rF+ Int+4}
 96198 | Dis:7    | Identified the +7 great mace of the Hills {vamp, rElec}
 96199 | Dis:7    | Identified the +6 spear "Oniss" {flame, rElec rC+ Int+4}
 96203 | Dis:7    | Identified the +3 shortbow "Nuodeumoh" {heavy, rN+ Str+2}
 96407 | Dis:7    | Noticed a dread lich
 96409 | Dis:7    | Killed a dread lich
 96410 | Dis:7    | Reached skill level 15 in Staves
 97076 | Dis:7    | HP: 8/235 [quicksilver elemental/bolt of dispelling energy
                  | (29)]
 97356 | Pan      | Entered Pandemonium
 97747 | Pan      | Noticed Elivvije the pandemonium lord
 97750 | Pan      | Killed Elivvije the pandemonium lord
 98511 | Pan      | Noticed Serphoine the pandemonium lord
 98518 | Pan      | Killed Serphoine the pandemonium lord
 98520 | Pan      | Reached skill level 27 in Conjurations
 99068 | Pan      | Entered the realm of Mnoleg.
 99702 | Pan      | Noticed Mnoleg
 99709 | Pan      | Killed Mnoleg
 99745 | Pan      | Got a glowing rune of Zot
 99831 | Pan      | Gained mutation: You are very vulnerable to cold. (rC--) [a
                  | shining eye]
 99833 | Pan      | Lost mutation: You passively dampen the noise of your
                  | surroundings. [potion of mutation]
 99833 | Pan      | Lost mutation: You are very vulnerable to cold. (rC--)
                  | [potion of mutation]
 99833 | Pan      | Gained mutation: You occasionally lose the ability to read
                  | scrolls when taking damage. [potion of mutation]
 99835 | Pan      | Gained mutation: You have hidden genetic potential. [a
                  | neqoxec]
100384 | Pan      | Entered the realm of Gloorx Vloq.
101043 | Pan      | Noticed Gloorx Vloq
101051 | Pan      | Killed Gloorx Vloq
101056 | Pan      | HP: 10/237 [arc of chain lightning (14)]
101282 | Pan      | Got a dark rune of Zot
101591 | Pan      | Noticed Sogaafy the pandemonium lord
101595 | Pan      | Killed Sogaafy the pandemonium lord
102107 | Pan      | Identified the +0 pair of boots of Tenacity {rF+ rN+ Dex-2
                  | Stlth+}
102689 | Pan      | Entered the realm of Lom Lobon.
102724 | Pan      | Found an exit through the horrors of the Abyss.
103159 | Pan      | Acquired the +2 pair of gloves "Ciokaown" {+Inv rN+ Str+3}
103368 | Pan      | Noticed Lom Lobon
103386 | Pan      | Killed Lom Lobon
103387 | Pan      | Reached skill level 27 in Ice Magic
103418 | Pan      | Got a magical rune of Zot
103653 | Pan      | Gained mutation: You have a pair of small antennae on your
                  | head. [hidden potential]
103876 | Pan      | Noticed Pueceuph the pandemonium lord
103882 | Pan      | Killed Pueceuph the pandemonium lord
104985 | Pan      | Noticed Wimiyg the pandemonium lord
104989 | Pan      | Gained mutation: You are clumsy. (Dex -2) [a cacodemon]
104990 | Pan      | Killed Wimiyg the pandemonium lord
105184 | Pan      | Found an exit through the horrors of the Abyss.
105468 | Pan      | Identified the +5 tower shield of Inference {Dex+3}
105468 | Pan      | Noticed Mennas
105471 | Pan      | Killed Mennas
106335 | Pan      | Noticed Iziom the pandemonium lord
106338 | Pan      | Killed Iziom the pandemonium lord
106350 | Pan      | Gained mutation: You do not regenerate when monsters are
                  | visible. [a cacodemon]
106950 | Pan      | Lost mutation: You do not regenerate when monsters are
                  | visible. [potion of mutation]
106950 | Pan      | Lost mutation: You occasionally lose the ability to read
                  | scrolls when taking damage. [potion of mutation]
106950 | Pan      | Lost mutation: You are vulnerable to cold. (rC-) [potion of
                  | mutation]
106950 | Pan      | Lost mutation: You are clumsy. (Dex -2) [potion of
                  | mutation]
107100 | Pan      | Noticed Zioruesk the pandemonium lord
107114 | Pan      | Killed Zioruesk the pandemonium lord
107253 | Pan      | Found an exit through the horrors of the Abyss.
107725 | Pan      | Gained mutation: You have an increased reservoir of magic.
                  | (+10% MP) [hidden potential]
107725 | Pan      | Lost mutation: You have hidden genetic potential. [hidden
                  | potential expressed]
108122 | Pan      | Identified the +8 dagger of the Orb {heavy, Str+3 Dex+2}
108316 | Pan      | Noticed Parr the pandemonium lord
108320 | Pan      | Killed Parr the pandemonium lord
108857 | Pan      | Entered the realm of Cerebov.
108885 | Pan      | Found the +6 sword of Cerebov {flame}
108885 | Pan      | Noticed Cerebov
108897 | Pan      | Killed Cerebov
109085 | Pan      | Identified the +6 dire flail "Orb Guardian's Death" {flame,
                  | rC++ rN+ Dex-4}
109087 | Pan      | Identified the +5 dagger of Hoci Nel {pain, rElec}
109088 | Pan      | Identified the +5 flail "Lihuleh" {flame, *Slow rF+ Int+3}
109091 | Pan      | Identified the ring of the Caustic Tomato {rCorr Dex+7 SInv
                  | Stlth+}
109140 | Pan      | Identified the +0 chain mail of the Heavens {Int+3 Dex+3
                  | SInv}
109146 | Pan      | Identified the +7 scimitar of the Owl {speed, rC++}
109178 | Pan      | Identified the +10 glaive of Buerch {venom, rElec rPois rF+
                  | Int+8 Dex-3}
109185 | Pan      | Identified the +10 broad axe "Idogup" {heavy, rF+ MP-9
                  | Dex+4}
109243 | Pan      | Identified the +7 broad axe "Dorera" {freeze, *Noise rC++}
109304 | Pan      | Got a fiery rune of Zot
109807 | Pan      | Found an exit through the horrors of the Abyss.
110284 | Pan      | Identified the +7 plate armour of Mirth {Str+5}
110455 | Pan      | Noticed Riytyfol the pandemonium lord
110461 | Pan      | Killed Riytyfol the pandemonium lord
110835 | Pan      | Found a glowing silver altar of Zin.
111206 | Pan      | Found a white marble altar of Elyvilon.
111325 | Pan      | Reached skill level 27 in Fire Magic
111852 | Pan      | Reached skill level 15 in Shields
111938 | Pan      | Noticed a seraph
111940 | Pan      | Killed a seraph
111985 | Pan      | Found a glowing golden altar of the Shining One.
112024 | Pan      | Identified the +3 rapier of the Saviour {venom, rN+ Int+3
                  | SInv}
112031 | Pan      | Identified the staff of cold "Sutixich" {rElec rC+ MP+9
                  | Int-3 SInv}
112041 | Pan      | Identified the amulet of Miaroapo {Spirit Int+2 Dex+2}
112055 | Pan      | Got a demonic rune of Zot
112541 | Depths:3 | Escaped Pandemonium
112876 | Pan      | Entered Pandemonium
112923 | Pan      | Noticed Joxto the pandemonium lord
112929 | Pan      | Killed Joxto the pandemonium lord
113556 | Pan      | Found an exit through the horrors of the Abyss.
113958 | Pan      | Identified the amulet of Wariness {-Tele Harm Will+ Regen+}
114731 | Pan      | Found an exit through the horrors of the Abyss.
114803 | Pan      | Reached skill level 27 in Air Magic
114935 | Pan      | Reached skill level 27 in Fighting
114940 | Pan      | Noticed Ufutil the pandemonium lord
114944 | Pan      | Killed Ufutil the pandemonium lord
114962 | Pan      | Identified the +10 spear "Igis" {vamp, Fly Dex+4}
115395 | Pan      | Reached skill level 1 in Necromancy
115505 | Pan      | Found an exit through the horrors of the Abyss.
115787 | Pan      | Noticed Asonoaz the pandemonium lord
115791 | Pan      | Killed Asonoaz the pandemonium lord
116091 | Pan      | Noticed Pevilix the pandemonium lord
116098 | Pan      | Killed Pevilix the pandemonium lord
116114 | Pan      | Reached skill level 15 in Earth Magic
116150 | Pan      | Identified the +7 scimitar of Beastly Action {antimagic,
                  | rC- Str+5 Int+5}
116498 | Pan      | Reached skill level 15 in Armour
116889 | Pan      | Gained mutation: You occasionally lose the ability to drink
                  | potions when taking damage. [a neqoxec]
116912 | Pan      | Noticed Muptai the pandemonium lord
116915 | Pan      | Killed Muptai the pandemonium lord
117030 | Pan      | Reached skill level 5 in Necromancy
117593 | Pan      | Noticed Dodukh the pandemonium lord
117601 | Pan      | Killed Dodukh the pandemonium lord
117822 | Pan      | Found an exit through the horrors of the Abyss.
117831 | Pan      | Took an exit into the Abyss.
117831 | Abyss:3  | Escaped into the Abyss
117931 | Depths:3 | Escaped the Abyss
119077 | Dis:7    | Noticed a juggernaut
119078 | Dis:7    | Identified the amulet of Libru {rC+ Regen+}
119078 | Dis:7    | Noticed Dispater
119085 | Dis:7    | Killed a juggernaut
119092 | Dis:7    | Killed Dispater
119239 | Dis:7    | Got an iron rune of Zot
119241 | Dis:7    | Identified the staff of earth "Xuimas" {rF+ Stlth+}
119914 | Tomb:1   | Entered Level 1 of the Tomb of the Ancients
120023 | Tomb:1   | Reached skill level 10 in Necromancy
120247 | Tomb:1   | Noticed a royal mummy
120250 | Tomb:1   | Killed a royal mummy
120390 | Tomb:1   | Noticed a royal mummy
120393 | Tomb:1   | Killed a royal mummy
120733 | Tomb:2   | Noticed a royal mummy
120733 | Tomb:2   | Noticed a royal mummy
120734 | Tomb:2   | Noticed a royal mummy
120734 | Tomb:2   | Noticed a royal mummy
120743 | Tomb:2   | Killed a royal mummy
120751 | Tomb:2   | Killed a royal mummy
120764 | Tomb:2   | Gained mutation: You are frail. (-10% HP) [mutagenic glow]
120777 | Tomb:2   | Lost mutation: You are frail. (-10% HP) [mutagenic glow]
120793 | Tomb:2   | Gained mutation: Armour fits poorly on your strangely
                  | shaped body. [mutagenic glow]
120877 | Tomb:2   | Learned a level 6 spell: Statue Form
121048 | Tomb:2   | Reached skill level 1 in Transmutations
121062 | Tomb:2   | Killed a royal mummy
121063 | Tomb:2   | Reached skill level 27 in Spellcasting
121235 | Tomb:2   | Killed a royal mummy
121523 | Tomb:2   | Identified the +0 chain mail "Zot Laq" {-Tele Str-3 Dex+8
                  | Stlth+}
121535 | Tomb:1   | Noticed a royal mummy
121535 | Tomb:1   | Noticed a royal mummy
121538 | Tomb:1   | Killed a royal mummy
121540 | Tomb:1   | Killed a royal mummy
121577 | Tomb:1   | Noticed a royal mummy
121581 | Tomb:1   | Killed a royal mummy
121590 | Tomb:1   | Noticed a royal mummy
121595 | Tomb:1   | Killed a royal mummy
121605 | Tomb:1   | Noticed a royal mummy
121609 | Tomb:1   | Killed a royal mummy
121610 | Tomb:1   | Reached skill level 5 in Transmutations
121674 | Tomb:1   | Noticed a royal mummy
121674 | Tomb:1   | Noticed a royal mummy
121677 | Tomb:1   | Killed a royal mummy
121679 | Tomb:1   | Killed a royal mummy
121733 | Tomb:1   | Noticed a royal mummy
121737 | Tomb:1   | Killed a royal mummy
121788 | Tomb:1   | Noticed a royal mummy
121791 | Tomb:1   | Killed a royal mummy
121926 | Tomb:1   | Noticed a royal mummy
121930 | Tomb:1   | Killed a royal mummy
121987 | Tomb:1   | Noticed a royal mummy
121989 | Tomb:1   | Noticed a royal mummy
121990 | Tomb:1   | Killed a royal mummy
121993 | Tomb:1   | Killed a royal mummy
122595 | Zig:1    | Entered Level 1 of a ziggurat
122624 | Zig:2    | Entered Level 2 of a ziggurat
122642 | Zig:3    | Entered Level 3 of a ziggurat
122663 | Zig:4    | Entered Level 4 of a ziggurat
122697 | Zig:5    | Entered Level 5 of a ziggurat
122721 | Zig:6    | Entered Level 6 of a ziggurat
122725 | Zig:6    | Paralysed by an air elemental for 1 turns
122735 | Zig:6    | Identified the staff of cold "Pelugh" {rC+ Int+2}
122754 | Zig:7    | Entered Level 7 of a ziggurat
122779 | Zig:8    | Entered Level 8 of a ziggurat
122784 | Zig:8    | Noticed an ancient lich
122787 | Zig:8    | Killed an ancient lich
122809 | Zig:8    | Identified the staff of poison "Dyidiquph" {rPois Str+8}
122818 | Zig:9    | Entered Level 9 of a ziggurat
122847 | Zig:9    | Identified the +5 plate armour of Archet {Dex+2}
122862 | Zig:9    | Lost mutation: You occasionally lose the ability to drink
                  | potions when taking damage. [potion of mutation]
122862 | Zig:9    | Lost mutation: Your movements are slightly less encumbered
                  | by armour. (ER -2) [potion of mutation]
122862 | Zig:9    | Lost mutation: You have a pair of small antennae on your
                  | head. [potion of mutation]
122862 | Zig:9    | Gained mutation: You are weak. (Str -2) [potion of
                  | mutation]
122862 | Zig:9    | Gained mutation: You are agile. (Dex +4, Str/Int -1)
                  | [potion of mutation]
122865 | Zig:10   | Entered Level 10 of a ziggurat
123072 | Zig:10   | Noticed Kyntuv the pandemonium lord
123079 | Zig:10   | Killed Kyntuv the pandemonium lord
123111 | Zig:10   | Identified the +5 dire flail "Dokliago" {freeze, Fragile
                  | rPois rN++ MP+9 Stlth+}
123149 | Zig:11   | Entered Level 11 of a ziggurat
123157 | Zig:11   | Noticed an ancient lich
123164 | Zig:11   | Killed an ancient lich
123183 | Zig:11   | Identified the +6 hand axe "Orb Guardian's Bane" {drain,
                  | rN+ Str+3}
123189 | Zig:11   | Identified the staff of poison "Cihorun" {rPois MP+9}
123190 | Zig:11   | Identified the ring of Rerghiosk {rElec rN+ Str+2}
123199 | Zig:11   | Identified the +7 quarterstaff of Mayhem {heavy, rC++ Int-5
                  | Dex+3 Stlth+}
123205 | Zig:11   | Identified the +9 shortbow of Gozag, Changing {antimagic,
                  | Str+4}
123211 | Zig:12   | Entered Level 12 of a ziggurat
123220 | Zig:12   | Noticed a royal mummy
123224 | Zig:12   | Killed a royal mummy
123225 | Zig:12   | Reached skill level 10 in Transmutations
123298 | Zig:13   | Entered Level 13 of a ziggurat
123305 | Zig:13   | Noticed an ancient lich
123309 | Zig:13   | Killed an ancient lich
123310 | Zig:13   | Reached skill level 10 in Ranged Weapons
123350 | Zig:13   | Identified the +4 short sword of Diet Blood {freeze, rCorr}
123354 | Zig:13   | Identified the +8 short sword of Kuffax {chaos, Dex+4}
123362 | Zig:13   | Identified the ring of the Empire {rN+ Dex+6}
123370 | Zig:14   | Entered Level 14 of a ziggurat
123382 | Zig:14   | Found the +3 Mad Mage's Maulers {Infuse+∞ VampMP -Cast}
123422 | Zig:14   | Learned a level 5 spell: Lee's Rapid Deconstruction
123522 | Zig:14   | Identified the staff of conjuration "Faleir" {Fly rPois
                  | Dex+2}
123523 | Zig:14   | Identified the staff of fire "Biafism" {rF+ MP+9}
123537 | Zig:14   | Identified the ring of Equilibrium {Will+ Str+3 Dex+2}
123547 | Zig:14   | Identified the +3 double sword of Tender Mercy {flame,
                  | rF+++ MP-9 Str-2 Int+3}
123558 | Zig:14   | Acquired the Catalogue of the Evolved Torch
123570 | Zig:14   | Learned a level 8 spell: Necromutation
123575 | Zig:15   | Entered Level 15 of a ziggurat
123591 | Zig:15   | Noticed a royal mummy
123596 | Zig:15   | Noticed a royal mummy
123599 | Zig:15   | Killed a royal mummy
123599 | Zig:15   | Killed a royal mummy
123601 | Zig:15   | Noticed a royal mummy
123605 | Zig:15   | Killed a royal mummy
123647 | Zig:15   | Identified the amulet "Qixas" {rElec rN+ Regen+ Str+2
                  | Int+3}
123659 | Zig:15   | Identified the +1 spear "Penegomu" {pain, Fly Int+2}
123667 | Zig:15   | Identified the +0 helmet of Satisfaction {Str-2 Int+7}
123692 | Zig:16   | Entered Level 16 of a ziggurat
123754 | Zig:16   | Noticed a dread lich
123756 | Zig:16   | Noticed an ancient lich
123758 | Zig:16   | Killed a dread lich
123760 | Zig:16   | Killed an ancient lich
123951 | Zig:16   | Identified the staff of poison "Voawade" {rPois Str+7}
123966 | Zig:16   | Identified the +8 quarterstaff of Certain Death {freeze,
                  | Contam rC- Will+++ rCorr}
123967 | Zig:16   | Identified the +4 quick blade "Oteuqa" {flame, Int+4}
123971 | Zig:16   | Acquired a book of the Moon
123978 | Zig:16   | Learned a level 4 spell: Passage of Golubria
124034 | Zig:17   | Entered Level 17 of a ziggurat
124043 | Zig:17   | Noticed an ancient lich
124045 | Zig:17   | Killed an ancient lich
124149 | Zig:17   | Reached skill level 15 in Necromancy
124153 | Zig:17   | Identified the ring "Asukh" {rC+ Str+3 Int+4}
124158 | Zig:17   | Got the Elucidation of the Sepulchral Fjord
124173 | Zig:18   | Entered Level 18 of a ziggurat
124182 | Zig:18   | Gained mutation: You are frail. (-10% HP) [a neqoxec]
124188 | Zig:18   | Reached skill level 15 in Transmutations
124308 | Zig:18   | Found the amulet of Vitality {RegenMP++ Regen++}
124316 | Zig:18   | Identified the ring of Jorghike {rF+ rC+ Will+++ Int-5
                  | Slay+3}
124327 | Zig:18   | Identified the staff of conjuration "Gahoinn" {Dex+4}
124332 | Zig:18   | Identified the +9 quarterstaff of the Shifting Viper
                  | {flame, rPois Will+ Str+5}
124353 | Zig:18   | Lost mutation: You are agile. (Dex +4, Str/Int -1) [potion
                  | of mutation]
124353 | Zig:18   | Lost mutation: You are weak. (Str -2) [potion of mutation]
124353 | Zig:18   | Lost mutation: You are frail. (-10% HP) [potion of
                  | mutation]
124353 | Zig:18   | Lost mutation: You have an increased reservoir of magic.
                  | (+10% MP) [potion of mutation]
124353 | Zig:18   | Gained mutation: You sometimes lose your temper in combat.
                  | [potion of mutation]
124353 | Zig:18   | Gained mutation: Your system is resistant to poisons.
                  | (rPois) [potion of mutation]
124354 | Zig:18   | Lost mutation: Your system is resistant to poisons. (rPois)
                  | [potion of mutation]
124354 | Zig:18   | Lost mutation: You sometimes lose your temper in combat.
                  | [potion of mutation]
124354 | Zig:18   | Lost mutation: Armour fits poorly on your strangely shaped
                  | body. [potion of mutation]
124354 | Zig:18   | Gained mutation: Armour fits poorly on your strangely
                  | shaped body. [potion of mutation]
124354 | Zig:18   | Gained mutation: You are partially covered in iridescent
                  | scales. (AC +2) [potion of mutation]
124354 | Zig:18   | Gained mutation: You expend magic power (3 MP) to
                  | strengthen your wands. [potion of mutation]
124356 | Zig:19   | Entered Level 19 of a ziggurat
124390 | Zig:19   | Found the +11 Singing Sword {sonic wave}
124390 | Zig:19   | Found the +8 whip "Snakebite" {venom, curare, rPois}
124409 | Zig:19   | Found the +8 arc blade {discharge, rElec}
124409 | Zig:19   | Found the +2 Maxwell's thermic engine {flame, freeze, rev}
124418 | Zig:19   | Found the amulet of the Four Winds {rN+ Will+++ Clar}
124456 | Zig:19   | Identified the staff of conjuration "Dilytys" {Int+4}
124466 | Zig:19   | Identified the +8 arbalest "Munet" {penet, *Corrode MP+9
                  | SInv}
124482 | Zig:19   | Identified the +7 morningstar of the Shimmering Owl
                  | {freeze, rCorr Dex+3}
124500 | Zig:20   | Entered Level 20 of a ziggurat
124509 | Zig:20   | Noticed a royal mummy
124509 | Zig:20   | Noticed a royal mummy
124512 | Zig:20   | Noticed a royal mummy
124514 | Zig:20   | Killed a royal mummy
124515 | Zig:20   | Killed a royal mummy
124517 | Zig:20   | Lost dexterity.
124519 | Zig:20   | Killed a royal mummy
124573 | Zig:20   | Found the +5 woodcutter's axe
124594 | Zig:20   | Identified the staff of cold "Cenisit" {rC+ Str+4}
124598 | Zig:20   | Identified the amulet "Davupau" {Acrobat rPois Will+++ MP-9
                  | Stlth+}
124614 | Zig:20   | Identified the +0 buckler of the Harp {rF+++ Int+5 Dex-3
                  | Stlth-}
124615 | Zig:20   | Identified the staff of fire "Pugaload" {*Corrode rF+ rN+
                  | Dex+3}
124620 | Zig:20   | Lost dexterity.
124646 | Zig:21   | Entered Level 21 of a ziggurat
124792 | Zig:21   | Got the Handbook of the Icicle
124794 | Zig:21   | Identified the +3 broad axe of the Whelk {heavy, Int+3
                  | Dex+3}
124795 | Zig:21   | Identified the ring "Loockowy" {Will+ Dex+2 Slay+4}
124800 | Zig:21   | Identified the +3 shortbow "Suonym" {elec, Will+}
124805 | Zig:21   | Identified the +1 scale mail of the Old and Reckless {Drain
                  | Dex+4}
124822 | Zig:21   | Identified the staff of earth "Atrimium" {Dex+3}
124823 | Zig:21   | Identified the +0 chain mail of the Stallion {rElec}
124833 | Zig:22   | Entered Level 22 of a ziggurat
124928 | Zig:22   | Identified the staff of poison "Nuilighusa" {rPois rN++
                  | Str-3 Int+4}
124932 | Zig:22   | Identified the +1 flail "Ecug Yfemo" {venom, +Blink rC+
                  | Int-5}
124955 | Zig:22   | Identified the ring "Naggulu" {rPois Will- rCorr Int+2
                  | Dex+3}
124965 | Zig:23   | Entered Level 23 of a ziggurat
124973 | Zig:23   | Gained mutation: You are clumsy. (Dex -2) [a cacodemon]
125014 | Zig:23   | Noticed Xoxec the pandemonium lord
125020 | Zig:23   | Killed Xoxec the pandemonium lord
125136 | Zig:23   | Found the ring of Shadows {Umbra +Inv Stlth+}
125151 | Zig:23   | Identified the staff of fire "Ucvusir" {rF+ Int+2}
125189 | Zig:24   | Entered Level 24 of a ziggurat
125219 | Zig:24   | Noticed an ancient lich
125219 | Zig:24   | Noticed an ancient lich
125223 | Zig:24   | Noticed an ancient lich
125225 | Zig:24   | Killed an ancient lich
125225 | Zig:24   | Killed an ancient lich
125228 | Zig:24   | Killed an ancient lich
125230 | Zig:24   | Noticed an ancient lich
125235 | Zig:24   | Killed an ancient lich
125237 | Zig:24   | Noticed an ancient lich
125244 | Zig:24   | Killed an ancient lich
125359 | Zig:24   | Found the +8 demon blade "Leech" {evervamp, Harm Drain rN+}
125457 | Zig:24   | Identified the +4 scale mail "Xokeyxej" {rC++ Stlth+}
125462 | Zig:24   | Identified the +5 short sword of Excruciating Pain {freeze,
                  | rF+}
125467 | Zig:24   | Identified the ring of Xom's Sleight of Hands {rCorr Int+3}
125470 | Zig:24   | Identified the staff of air "Yzarhoge" {Drain rElec rC+
                  | rN+}
125472 | Zig:24   | Identified the +9 battleaxe of Inconvenience {protect,
                  | rPois Str+2 Int+8}
125489 | Zig:25   | Entered Level 25 of a ziggurat
125586 | Zig:25   | Found the +7 staff of the Meek {protect, meekguard}
125664 | Zig:25   | Identified the staff of earth "Visinopp" {Int+4 Dex+2 SInv}
125674 | Zig:25   | Identified the ring of the Nightingale {Will+ Int+2}
125679 | Zig:25   | Identified the +0 falchion "Hellblazer" {heavy, *Rage rN+
                  | Will+}
125707 | Zig:25   | Identified the +9 plate armour "Ixto" {Drain Int+4 SInv}
125716 | Zig:25   | Reached skill level 5 in Hexes
125719 | Zig:25   | Identified the +2 sling of Giag {freeze, Dex+2}
125730 | Zig:26   | Entered Level 26 of a ziggurat
125794 | Zig:26   | Found the +27 heavy crossbow "Sniper" {heavy, Acc+∞ SInv}
125808 | Zig:26   | Identified the staff of cold "Ijeubu" {rC+ Str+2 Dex+2}
125822 | Zig:26   | Identified the +7 ice dragon scales of the Grape {*Corrode
                  | *Slow rF- rC++ Str+2 Dex+9}
125826 | Zig:26   | Identified the +5 lajatang of Agoher {chaos, *Slow rF+++
                  | Will+++ Str-2}
125833 | Zig:26   | Identified the +7 scale mail "Eciar" {Str+2}
125858 | Zig:27   | Entered Level 27 of a ziggurat
126030 | Zig:27   | Identified the staff of death "Weapn" {rN+ rCorr Dex+5}
126046 | Zig:27   | Identified the +7 bardiche of Tomorrow {spect, rElec rN++}
126049 | Zig:27   | Identified the ring of Rulluuce {rElec rF+ rC+}
127041 | Tomb:3   | Entered Level 3 of the Tomb of the Ancients
127051 | Tomb:3   | Noticed a royal mummy
127053 | Tomb:3   | Noticed a royal mummy
127053 | Tomb:3   | Noticed a royal mummy
127054 | Tomb:3   | Noticed a royal mummy
127057 | Tomb:3   | Killed a royal mummy
127057 | Tomb:3   | Killed a royal mummy
127057 | Tomb:3   | Killed a royal mummy
127058 | Tomb:3   | Noticed a royal mummy
127064 | Tomb:3   | Killed a royal mummy
127070 | Tomb:3   | Noticed a royal mummy
127071 | Tomb:3   | Noticed a royal mummy
127074 | Tomb:3   | Killed a royal mummy
127074 | Tomb:3   | Killed a royal mummy
127074 | Tomb:3   | Noticed a royal mummy
127076 | Tomb:3   | Killed a royal mummy
127076 | Tomb:3   | Killed a royal mummy
127104 | Tomb:3   | Got a golden rune of Zot
127215 | Tomb:3   | Identified the staff of air "Ciliu" {Contam Fragile rElec
                  | Will+++ SInv}
127217 | Tomb:3   | Identified the +8 hand axe of Termination {vamp, *Rage
                  | rCorr Int+3 Dex+8}
127254 | Tomb:3   | Identified the staff of fire "Wotakano" {rF+ rCorr Str-2
                  | Int+6}
127379 | Tomb:3   | Identified the ring of the Yeti {rPois rCorr}
127413 | Tomb:3   | Identified the ring of Jiedwoer {Fire Stlth+}
128086 | Zig:1    | Entered Level 1 of a ziggurat
128103 | Zig:2    | Entered Level 2 of a ziggurat
128105 | Zig:2    | Found the +10 dark maul {heavy}
128119 | Zig:2    | Identified the staff of cold "Fav Awiy" {rC+ Int+4}
128123 | Zig:3    | Entered Level 3 of a ziggurat
128144 | Zig:4    | Entered Level 4 of a ziggurat
128145 | Zig:4    | Noticed Googg the pandemonium lord
128150 | Zig:4    | Killed Googg the pandemonium lord
128175 | Zig:5    | Entered Level 5 of a ziggurat
128227 | Zig:6    | Entered Level 6 of a ziggurat
128249 | Zig:6    | Identified the +9 dagger "Sesmucua" {heavy, rPois rF+++
                  | Str-4 Dex+4}
128250 | Zig:6    | Identified the +4 mace of Siant {heavy, Stlth+}
128261 | Zig:6    | Identified the +6 scimitar of the Owl {vamp, Fly rPois
                  | Int+2}
128267 | Zig:7    | Entered Level 7 of a ziggurat
128274 | Zig:7    | Noticed Ruotos the pandemonium lord
128278 | Zig:7    | Killed Ruotos the pandemonium lord
128292 | Zig:7    | Identified the +0 steam dragon scales of Niwn {Int+6}
128298 | Zig:7    | Identified the amulet of Lur Dan {Fly rF+++ rC+ Regen+
                  | Str-5}
128303 | Zig:8    | Entered Level 8 of a ziggurat
128310 | Zig:8    | Reached skill level 15 in Ranged Weapons
128311 | Zig:8    | Noticed Sifru the pandemonium lord
128319 | Zig:8    | Killed Sifru the pandemonium lord
128379 | Zig:8    | Identified the amulet of Cosass {Drain Will+ Regen+ SInv}
128396 | Zig:8    | Identified the staff of cold "Ywnyadgh" {Drain rElec rC+
                  | Str+2 Dex+3}
128400 | Zig:8    | Identified the +9 great sword of Delightful True Grit
                  | {holy, Int+3}
128404 | Zig:9    | Entered Level 9 of a ziggurat
128412 | Zig:9    | Noticed a dread lich
128414 | Zig:9    | Killed a dread lich
128452 | Zig:10   | Entered Level 10 of a ziggurat
128496 | Zig:10   | Identified the ring "Beqono" {rF+ EV+5}
128499 | Zig:10   | Identified the +2 great sword of Disharmony {venom, rCorr
                  | Int+2 Dex+2}
128504 | Zig:10   | Identified the staff of earth "Otoida Donwi" {Fragile Int+2
                  | Dex+3 Stlth+}
128509 | Zig:11   | Entered Level 11 of a ziggurat
128535 | Zig:11   | Identified the +7 demon whip of Gallantry {elec, Str+5}
128536 | Zig:11   | Identified the +3 halberd "No More Talking" {venom, rC+
                  | rCorr}
128660 | Zig:12   | Entered Level 12 of a ziggurat
128751 | Zig:12   | Identified the +9 trident of Cowardice {venom, Dex+3 SInv}
128762 | Zig:12   | Identified the staff of fire "Puepnisch" {rF+ rCorr Str-3
                  | Int+3 Dex+2}
128774 | Zig:12   | Identified the ring of Joy {Contam *Corrode Int+6 Dex+5
                  | SInv}
128781 | Zig:13   | Entered Level 13 of a ziggurat
128785 | Zig:13   | Noticed a royal mummy
128788 | Zig:13   | Reached skill level 27 in Evocations
128788 | Zig:13   | Killed a royal mummy
128791 | Zig:13   | Noticed a royal mummy
128791 | Zig:13   | Noticed a royal mummy
128793 | Zig:13   | Killed a royal mummy
128793 | Zig:13   | Killed a royal mummy
128795 | Zig:13   | Noticed a royal mummy
128799 | Zig:13   | Killed a royal mummy
128806 | Zig:13   | Found the ring of the Tortoise {AC+8}
128855 | Zig:14   | Entered Level 14 of a ziggurat
128865 | Zig:14   | Reached skill level 15 in Summonings
128877 | Zig:14   | Found the +13 scythe of Curses {drain, curses, Drain}
128886 | Zig:14   | Identified the ring of Doors {Ice Will+ Str+4}
128900 | Zig:14   | Identified the +3 cloak "Civemaoz" {Regen+ Dex+2}
128920 | Zig:14   | Identified the +0 war axe of the Bear {chaos, Will+}
128930 | Zig:15   | Entered Level 15 of a ziggurat
128999 | Zig:15   | Identified the +8 great sword of Instinct {drain, +Blink
                  | rC++ rN+ Dex-2}
129002 | Zig:15   | Identified the +0 ring mail of the Other World {rPois Int+2
                  | Stlth+}
129004 | Zig:15   | Identified the +1 trident "Uvafog" {drain, rPois}
129008 | Zig:16   | Entered Level 16 of a ziggurat
129099 | Zig:16   | Identified the staff of poison "Ruschit" {rPois rCorr
                  | Dex+4}
129107 | Zig:16   | Identified the +5 rapier "Zezaob" {heavy, *Rage rPois
                  | Str+2}
129114 | Zig:16   | Identified the +8 falchion of Red Integrity {speed, Dex+2}
129122 | Zig:17   | Entered Level 17 of a ziggurat
129132 | Zig:17   | Noticed a dread lich
129132 | Zig:17   | Noticed a dread lich
129132 | Zig:17   | Noticed an ancient lich
129132 | Zig:17   | Noticed an ancient lich
129132 | Zig:17   | Noticed an ancient lich
129133 | Zig:17   | Noticed an ancient lich
129134 | Zig:17   | Noticed a dread lich
129134 | Zig:17   | Noticed a dread lich
129136 | Zig:17   | Killed an ancient lich
129137 | Zig:17   | Killed a dread lich
129137 | Zig:17   | Killed a dread lich
129137 | Zig:17   | Killed an ancient lich
129138 | Zig:17   | Killed a dread lich
129138 | Zig:17   | Killed an ancient lich
129138 | Zig:17   | Killed an ancient lich
129138 | Zig:17   | Killed a dread lich
129182 | Zig:17   | Learned a level 9 spell: Shatter
129194 | Zig:17   | Identified the ring "Eguz" {Will+ AC+4}
129205 | Zig:17   | Identified the ring of False Pretenses {rF- rCorr MP+9
                  | Dex+4}
129206 | Zig:17   | Identified the staff of poison "Bismi" {rPois rN+ Int+3}
129213 | Zig:18   | Entered Level 18 of a ziggurat
129229 | Zig:18   | Noticed Veneresyfae the pandemonium lord
129231 | Zig:18   | Killed Veneresyfae the pandemonium lord
129280 | Zig:18   | Identified the amulet "Fokoxic" {Reflect Drain Dex+2 SH+5
                  | SInv}
129282 | Zig:18   | Identified the ring of Damo {rC+ rCorr Dex+6}
129286 | Zig:18   | Identified the +0 falchion of Oozing Pus {flame, rC+ rCorr
                  | MP-9 Dex+2}
129312 | Zig:18   | Identified the +6 glaive "Mematzirch" {freeze, Drain rF-
                  | rN+ Int+8}
129327 | Zig:18   | Identified the staff of conjuration "Vehotah" {rElec rPois
                  | Will+ Str-3}
129330 | Zig:18   | Identified the amulet "Beb Neca" {Reflect -Cast Rampage
                  | rElec Dex+4 SH+5}
129338 | Zig:19   | Entered Level 19 of a ziggurat
129358 | Zig:19   | Noticed a dread lich
129363 | Zig:19   | Killed a dread lich
129389 | Zig:19   | Identified the staff of fire "Gemuetuhe" {rF+ Dex+3 SInv}
129393 | Zig:19   | Identified the +5 falchion "Deint" {flame, rC- rCorr Int+8}
129402 | Zig:19   | Identified the staff of poison "Doiliupy" {rPois Int+4}
129424 | Zig:20   | Entered Level 20 of a ziggurat
129469 | Zig:20   | Identified the ring of Kar Aramu {Ice Int+3}
129514 | Zig:21   | Entered Level 21 of a ziggurat
129570 | Zig:21   | Identified the quicksilver dragon scales of Kudya {rF+ rC+
                  | Will+ Dex+2}
129577 | Zig:21   | Identified the +11 shortbow of Peemorex {flame, rN+ Int+3
                  | Dex-4}
129589 | Zig:21   | Identified the +3 leather armour of the Armadillo {rElec
                  | Str+6 Int-4}
129595 | Zig:22   | Entered Level 22 of a ziggurat
129639 | Zig:22   | Identified the +4 scale mail "Emovulon" {rElec rCorr Str+5
                  | Slay+4}
129654 | Zig:22   | Identified the +1 pair of boots "Kibres" {Str+2 Int+6}
129659 | Zig:22   | Identified the +1 mace of Bodily Humours {drain, Will+
                  | rCorr Str+3 SInv}
129665 | Zig:22   | Identified the staff of cold "Kaqusas" {+Blink rF+ rC+}
129675 | Zig:22   | Identified the amulet "Hilejomoa" {rC+ Regen+ Str+4}
129682 | Zig:22   | Identified the ring of Xidwoage {rElec rF+}
129687 | Zig:22   | Acquired 704 gold pieces
129691 | Zig:23   | Entered Level 23 of a ziggurat
129721 | Zig:23   | Found the +8 orange crystal plate armour {Archmagi, Int+3
                  | Clar}
129730 | Zig:23   | Identified the staff of poison "Bimmecku" {*Slow rPois
                  | Dex+4}
129761 | Zig:23   | Identified the +3 falchion "Nighuang" {elec, Contam rElec
                  | rF+++ Int-5}
129769 | Zig:23   | Identified the +5 mace "Ifoss" {drain, rElec rCorr}
129779 | Zig:23   | Identified the ring "Sautrat" {Str+2 Int+6 Stlth+}
129795 | Zig:24   | Entered Level 24 of a ziggurat
129801 | Zig:24   | Noticed a dread lich
129802 | Zig:24   | Noticed an ancient lich
129802 | Zig:24   | Noticed a dread lich
129803 | Zig:24   | Killed a dread lich
129804 | Zig:24   | Killed a dread lich
129804 | Zig:24   | Noticed a dread lich
129805 | Zig:24   | Noticed a dread lich
129807 | Zig:24   | Killed an ancient lich
129807 | Zig:24   | Noticed an ancient lich
129808 | Zig:24   | Killed a dread lich
129808 | Zig:24   | Killed a dread lich
129809 | Zig:24   | Reached skill level 27 in Earth Magic
129809 | Zig:24   | Killed an ancient lich
129873 | Zig:24   | Identified the staff of death "Ogiunoacs" {rPois rN+}
129882 | Zig:24   | Identified the staff of cold "Ablax" {Contam rC+ rN++ Int+2
                  | Dex+2}
129883 | Zig:24   | Identified the +2 helmet of Snakes and Ladders {+Inv rF+
                  | MP-9 Str+3}
129891 | Zig:24   | Identified the +1 cloak of a Gauntlet {rPois Int+6 Dex-2
                  | Stlth+}
129892 | Zig:24   | Identified the +10 dagger "Jippi" {freeze, rPois Will+}
129893 | Zig:24   | Identified the staff of conjuration "Unoqu" {rC+ Str+3}
129898 | Zig:24   | Identified the ring "Baeleasi" {rPois Will+ Stlth+}
129919 | Zig:24   | Identified the +4 broad axe of Uskayaw's Regard {heavy,
                  | +Blink rF+ Will- Dex+2}
129922 | Zig:24   | Identified the +5 dagger "Linnaly" {heavy, *Corrode Fly
                  | rPois Int+5}
129923 | Zig:24   | Identified the +11 trident "Hussim" {pain, Dex+4 Stlth+}
129927 | Zig:25   | Entered Level 25 of a ziggurat
129936 | Zig:25   | Reached skill level 27 in Armour
130005 | Zig:25   | Identified the +6 hand axe "Pamoisij" {flame, rPois}
130016 | Zig:25   | Identified the +10 shortbow of Deleg {heavy, +Blink Int+5
                  | Dex-4 Stlth+}
130023 | Zig:25   | Identified the +6 halberd of the Contumacious God {elec,
                  | *Noise Fly rN+}
130037 | Zig:25   | Identified the staff of death "Pimpips" {rC+ rN+ Str+3
                  | Dex+2}
130048 | Zig:25   | Identified the staff of cold "Annixzum" {rElec rC+ Str+3}
130053 | Zig:25   | Identified the +9 mace of Dust {vamp, SInv Stlth+}
130058 | Zig:26   | Entered Level 26 of a ziggurat
130209 | Zig:26   | Identified the amulet "Vuwkov" {Spirit rC+}
130223 | Zig:26   | Identified the +11 quarterstaff "Ohiast" {drain, rPois rF+}
130268 | Zig:27   | Entered Level 27 of a ziggurat
130277 | Zig:27   | Reached skill level 27 in Shields
130362 | Zig:27   | Identified the +1 ring mail of the Aged Places {rC+}
130378 | Zig:27   | Identified the staff of conjuration "Fimiti" {Contam rElec
                  | SInv}
130391 | Zig:27   | Identified the +9 great sword of Corporal Punishment
                  | {chaos, Stlth+}
130400 | Zig:27   | Acquired the +7 hand crossbow of Duty {heavy, rF+++ rCorr
                  | Int+2 Dex-5}
130489 | Zig:1    | Entered Level 1 of a ziggurat
130505 | Zig:2    | Entered Level 2 of a ziggurat
130526 | Zig:3    | Entered Level 3 of a ziggurat
130539 | Zig:3    | Identified the +7 shortbow of the Tired Tusks {elec, rElec
                  | Stlth+}
130558 | Zig:4    | Entered Level 4 of a ziggurat
130586 | Zig:5    | Entered Level 5 of a ziggurat
130588 | Zig:5    | Noticed a dread lich
130589 | Zig:5    | Killed a dread lich
130589 | Zig:5    | Noticed an ancient lich
130591 | Zig:5    | Killed an ancient lich
130594 | Zig:5    | Found the +8 Wrath of Trog {antimagic, *Rage Rampage}
130625 | Zig:6    | Entered Level 6 of a ziggurat
130642 | Zig:6    | Identified the +1 quick blade of Ixyphih {drain, rC+ SInv}
130666 | Zig:7    | Entered Level 7 of a ziggurat
130669 | Zig:7    | Noticed a dread lich
130673 | Zig:7    | Killed a dread lich
130695 | Zig:7    | Identified the ring "Hijuhopo" {rF++ Str+6}
130709 | Zig:7    | Identified the staff of fire "Ohoecaik" {rPois rF+ Int+3}
130736 | Zig:8    | Entered Level 8 of a ziggurat
130746 | Zig:8    | Noticed Nimeabim the pandemonium lord
130748 | Zig:8    | Killed Nimeabim the pandemonium lord
130766 | Zig:8    | Identified the +5 long sword "Viaff" {freeze, rPois rF++
                  | rC+ Int-5}
130777 | Zig:8    | Identified the staff of conjuration "Sickocah" {Will++
                  | Int+2}
130897 | Zig:9    | Entered Level 9 of a ziggurat
130903 | Zig:9    | Noticed a dread lich
130908 | Zig:9    | Killed a dread lich
130930 | Zig:9    | Identified the staff of earth "Asicozec" {rN+ Str+4 Stlth-}
130935 | Zig:9    | Identified the +3 scale mail "Xeezayr" {+Inv Fly Dex+3}
130937 | Zig:9    | Identified the staff of poison "Vipez" {+Blink rElec rPois
                  | Int+4}
130942 | Zig:9    | Identified the staff of conjuration "Dybbiaxt" {*Corrode
                  | rPois rF+ Str+2}
130948 | Zig:10   | Entered Level 10 of a ziggurat
130986 | Zig:10   | Identified the +7 arbalest "Utiosiwk" {elec, rN+ Dex+4 SInv
                  | Stlth-}
131004 | Zig:11   | Entered Level 11 of a ziggurat
131011 | Zig:11   | Noticed an ancient lich
131011 | Zig:11   | Noticed an ancient lich
131013 | Zig:11   | Noticed an ancient lich
131013 | Zig:11   | Noticed an ancient lich
131015 | Zig:11   | Killed an ancient lich
131015 | Zig:11   | Killed an ancient lich
131016 | Zig:11   | Reached skill level 27 in Staves
131016 | Zig:11   | Killed an ancient lich
131016 | Zig:11   | Killed an ancient lich
131160 | Zig:12   | Entered Level 12 of a ziggurat
131181 | Zig:12   | Noticed Xorag the pandemonium lord
131190 | Zig:12   | Killed Xorag the pandemonium lord
131243 | Zig:12   | Identified the ring of Neantut {*Slow Str+7 Int-3 Dex+2
                  | SInv}
131257 | Zig:12   | Identified the +4 short sword of Uncertain Death
                  | {antimagic, Int+2}
131274 | Zig:13   | Entered Level 13 of a ziggurat
131298 | Zig:13   | Found the amulet of the Air {Inacc Air Fly rElec RMsl}
131330 | Zig:13   | Identified the +1 shortbow of Wu Jian, Crafting {drain,
                  | Drain rC+++ rCorr Str+2}
131331 | Zig:13   | Identified the +8 glaive of the Howling Gods {flame, rC+
                  | Int+2 Dex+3}
131346 | Zig:14   | Entered Level 14 of a ziggurat
131404 | Zig:14   | Identified the +8 morningstar of Wisdom {vamp, Contam rElec
                  | Int+3}
131408 | Zig:14   | Identified the +2 ring mail "Qofiur" {Contam Dex+5 Slay+2}
131414 | Zig:14   | Identified the ring "Lalloif" {Fire *Slow Fly Str+6}
131426 | Zig:15   | Entered Level 15 of a ziggurat
131453 | Zig:15   | Found the +3 giant club "Skullcrusher" {speed, Str+7}
131454 | Zig:15   | Reached skill level 27 in Summonings
131454 | Zig:15   | Found the +3 greatsling "Punk" {acid, rCorr}
131463 | Zig:15   | Identified the +4 dagger of Gozag's Approval {freeze,
                  | Dex+3}
131483 | Zig:15   | Identified the +7 dagger "Otuusose" {flame, +Blink rPois
                  | Str-5}
131490 | Zig:16   | Entered Level 16 of a ziggurat
131501 | Zig:16   | Reached skill level 10 in Stealth
131531 | Zig:16   | Identified the +1 mace "Boli" {heavy, rF- Int+4 Dex+2}
131534 | Zig:16   | Identified the +5 sling "Ecroeczuet" {antimagic, Str+6
                  | Dex+2}
131751 | Zig:16   | Reached skill level 10 in Throwing
131755 | Zig:17   | Entered Level 17 of a ziggurat
131775 | Zig:17   | Reached skill level 15 in Stealth
131782 | Zig:17   | Found the +6 Majin-Bo {spellvamp, MP+6 Int+6}
131792 | Zig:17   | Identified the +8 halberd of Gloom {heavy, Int+5}
131796 | Zig:17   | Identified the amulet of Enucoer {Reflect rElec Will+++
                  | Int-5 Slay+5 SH+5}
131811 | Zig:17   | Identified the staff of cold "Gaucwod" {rElec rC+ Int+5
                  | Dex+8 Stlth-}
131812 | Zig:17   | Identified the +2 falchion of Linearity {heavy, rC- Int+4
                  | Stlth+}
131845 | Zig:18   | Entered Level 18 of a ziggurat
131855 | Zig:18   | Noticed an ancient lich
131856 | Zig:18   | Noticed a dread lich
131858 | Zig:18   | Killed an ancient lich
131859 | Zig:18   | Noticed an ancient lich
131860 | Zig:18   | Noticed a dread lich
131861 | Zig:18   | Noticed an ancient lich
131861 | Zig:18   | Killed a dread lich
131862 | Zig:18   | Noticed a dread lich
131863 | Zig:18   | Killed a dread lich
131863 | Zig:18   | Killed an ancient lich
131863 | Zig:18   | Killed an ancient lich
131863 | Zig:18   | Noticed an ancient lich
131864 | Zig:18   | Killed a dread lich
131865 | Zig:18   | Noticed an ancient lich
131867 | Zig:18   | Noticed a dread lich
131867 | Zig:18   | Killed an ancient lich
131868 | Zig:18   | Killed a dread lich
131870 | Zig:18   | Killed an ancient lich
131920 | Zig:18   | Identified the staff of conjuration "Qizesiaz" {Str+2
                  | Dex+3}
131924 | Zig:18   | Identified the staff of fire "Cykke" {rF+ rN+++ rCorr Int-3
                  | Dex-2}
131933 | Zig:18   | Identified the +2 short sword "Bomealoxt" {drain, +Blink
                  | rF+ rC+ Stlth+}
131942 | Zig:18   | Identified the +5 chain mail of Tenacity {Will+ Str+2}
131948 | Zig:18   | Identified the ring "Xyidyu" {rF+ Dex+6 Slay+6}
131949 | Zig:18   | Identified the +1 cloak of the Abyss {rF- rC+ Dex+4}
131954 | Zig:19   | Entered Level 19 of a ziggurat
131973 | Zig:19   | Noticed a dread lich
131974 | Zig:19   | Noticed an ancient lich
131976 | Zig:19   | Killed a dread lich
131976 | Zig:19   | Noticed an ancient lich
131977 | Zig:19   | Killed an ancient lich
131979 | Zig:19   | Noticed an ancient lich
131979 | Zig:19   | Noticed a dread lich
131980 | Zig:19   | Killed an ancient lich
131983 | Zig:19   | Killed an ancient lich
131983 | Zig:19   | Killed a dread lich
131986 | Zig:19   | Noticed a dread lich
131990 | Zig:19   | Killed a dread lich
132012 | Zig:19   | Identified the +1 helmet of Repulsion {rCorr Str+2}
132014 | Zig:19   | Identified the amulet of Bodily Harmony {Acrobat rC+}
132028 | Zig:19   | Identified the ring "Jeudel" {*Corrode rElec rC+ EV+5
                  | Str+3}
132029 | Zig:19   | Identified the +5 scimitar of Tender Mercy {elec, Will+}
132030 | Zig:19   | Identified the staff of death "Cemoejisoy" {rC+ rN+ rCorr}
132031 | Zig:19   | Identified the +9 spear "Orb Guardian's Doom" {heavy,
                  | Dex+3}
132035 | Zig:19   | Identified the ring of Kikubaaqudgha's Hope {rC+ EV+5
                  | Str+2}
132047 | Zig:19   | Reached skill level 15 in Throwing
132053 | Zig:20   | Entered Level 20 of a ziggurat
132067 | Zig:20   | Noticed Quog Pick the pandemonium lord
132067 | Zig:20   | Noticed Cemotonu the pandemonium lord
132068 | Zig:20   | Noticed Citipp the pandemonium lord
132068 | Zig:20   | Noticed Yvustros the pandemonium lord
132068 | Zig:20   | Noticed Zosixuyp the pandemonium lord
132068 | Zig:20   | Noticed Zaimevoa the pandemonium lord
132069 | Zig:20   | Noticed Qesow the pandemonium lord
132070 | Zig:20   | Noticed Appam the pandemonium lord
132070 | Zig:20   | Killed Zaimevoa the pandemonium lord
132070 | Zig:20   | Killed Zosixuyp the pandemonium lord
132070 | Zig:20   | Killed Appam the pandemonium lord
132071 | Zig:20   | Killed Yvustros the pandemonium lord
132071 | Zig:20   | Killed Quog Pick the pandemonium lord
132071 | Zig:20   | Noticed Jotih the pandemonium lord
132071 | Zig:20   | Noticed Xulishum the pandemonium lord
132072 | Zig:20   | Killed Qesow the pandemonium lord
132072 | Zig:20   | Noticed Gonaha the pandemonium lord
132073 | Zig:20   | Noticed Opojulut the pandemonium lord
132073 | Zig:20   | Noticed Gommae Sigg the pandemonium lord
132073 | Zig:20   | Killed Cemotonu the pandemonium lord
132073 | Zig:20   | Killed Citipp the pandemonium lord
132073 | Zig:20   | Noticed Uggaedeb the pandemonium lord
132073 | Zig:20   | Noticed Ukoicam the pandemonium lord
132073 | Zig:20   | Noticed Zihu the pandemonium lord
132075 | Zig:20   | Noticed Nilon the pandemonium lord
132076 | Zig:20   | Noticed Waiw Pon the pandemonium lord
132076 | Zig:20   | Noticed Keodaok the pandemonium lord
132077 | Zig:20   | Noticed Jemonucs the pandemonium lord
132078 | Zig:20   | Killed Ukoicam the pandemonium lord
132078 | Zig:20   | Killed Jotih the pandemonium lord
132078 | Zig:20   | Killed Gonaha the pandemonium lord
132079 | Zig:20   | Killed Xulishum the pandemonium lord
132079 | Zig:20   | Killed Gommae Sigg the pandemonium lord
132079 | Zig:20   | Killed Uggaedeb the pandemonium lord
132079 | Zig:20   | Killed Keodaok the pandemonium lord
132080 | Zig:20   | Killed Zihu the pandemonium lord
132080 | Zig:20   | Noticed Gaesaed the pandemonium lord
132081 | Zig:20   | Killed Opojulut the pandemonium lord
132081 | Zig:20   | Killed Jemonucs the pandemonium lord
132082 | Zig:20   | Noticed Empuecvoamp the pandemonium lord
132082 | Zig:20   | Killed Nilon the pandemonium lord
132082 | Zig:20   | Killed Waiw Pon the pandemonium lord
132085 | Zig:20   | Killed Empuecvoamp the pandemonium lord
132087 | Zig:20   | Killed Gaesaed the pandemonium lord
132114 | Zig:20   | Identified the +4 ring mail of the Arcane {Int+3}
132124 | Zig:20   | Identified the +12 falchion "Ahuynn" {flame, Int+3}
132130 | Zig:20   | Identified the ring "Surchuc" {rF+ Will+ Str+6 Int-2}
132136 | Zig:20   | Identified the +4 hand axe of Valuinaol {spect, +Blink
                  | rElec rF+++ Stlth-}
132137 | Zig:20   | Identified the ring of Lies {rElec rF+ rC- rCorr}
132140 | Zig:20   | Identified the +0 tower shield of Ofoaca {+Inv rN+ Dex+6}
132141 | Zig:20   | Identified the staff of death "Ceeris" {Fly rF+ rN+ Will+
                  | Int-3}
132146 | Zig:20   | Identified the staff of conjuration "Ivua" {rC+ Will+}
132147 | Zig:20   | Identified the amulet of Temptation {Spirit Str+3}
132156 | Zig:21   | Entered Level 21 of a ziggurat
132173 | Zig:21   | Paralysed by a wendigo for 1 turns
132178 | Zig:21   | Paralysed by a wendigo for 1 turns
132207 | Zig:21   | Identified the ring "Zabraimoz" {Will+ Int+3}
132212 | Zig:21   | Identified the +3 leather armour of Koko {Rampage Str+2}
132220 | Zig:21   | Identified the quicksilver dragon scales of Catatonia
                  | {rPois rF+ rN+ Will+ Str+2}
132226 | Zig:21   | Identified the +0 troll leather armour of the Ecumenical
                  | Temple {+Blink rF+ Will++ Regen+ Stlth+}
132247 | Zig:21   | Reached skill level 27 in Stealth
132252 | Zig:22   | Entered Level 22 of a ziggurat
132327 | Zig:22   | Found the +12 glaive of Prune {freeze, Prune}
132330 | Zig:22   | Found the +5 Storm Queen's Shield {shock, Fly rElec}
132331 | Zig:22   | Found the +9 staff of Olgreb {rPois∞}
132351 | Zig:22   | Identified the staff of air "Jeckieci" {Fragile rElec rPois
                  | rN+ Int+2}
132353 | Zig:22   | Identified the +9 spear "Nimodd" {drain, rN+ Will+ Str+3}
132393 | Zig:22   | Identified the ring of Leahecir {Ice Str+3 Int+3 Stlth+}
132403 | Zig:23   | Entered Level 23 of a ziggurat
132412 | Zig:23   | Noticed a dread lich
132415 | Zig:23   | Noticed an ancient lich
132417 | Zig:23   | Noticed an ancient lich
132417 | Zig:23   | Killed a dread lich
132419 | Zig:23   | Killed an ancient lich
132420 | Zig:23   | Noticed a dread lich
132421 | Zig:23   | Killed an ancient lich
132422 | Zig:23   | Killed a dread lich
132422 | Zig:23   | Noticed an ancient lich
132424 | Zig:23   | Killed an ancient lich
132426 | Zig:23   | Noticed a dread lich
132428 | Zig:23   | Killed a dread lich
132475 | Zig:23   | Identified the +7 hand axe of Skirmishing {freeze, rN+
                  | rCorr}
132482 | Zig:23   | Identified the +0 buckler of the King of the Hill {SInv
                  | Stlth+}
132485 | Zig:23   | Identified the +7 ring mail of Untruth {rElec}
132512 | Zig:24   | Entered Level 24 of a ziggurat
132545 | Zig:24   | Reached skill level 27 in Dodging
132588 | Zig:24   | Identified the amulet "Zoni" {Faith rElec rC+}
132599 | Zig:24   | Identified the +4 sling of Untimely Demise {heavy, Fly}
132612 | Zig:24   | Identified the staff of air "Ywash" {rElec Str+2}
132619 | Zig:24   | Identified the +8 war axe "Temeom" {freeze, rPois Will+
                  | rCorr}
132627 | Zig:25   | Entered Level 25 of a ziggurat
132723 | Zig:25   | Found the +1 robe of Vines {NoPotionHeal Regen++++}
132728 | Zig:25   | Identified the amulet of Vampiric Thralls {Reflect Fragile
                  | rF+ Str+6 SH+5}
132735 | Zig:25   | Identified the +7 quarterstaff "Waraph" {heavy, rF+ Int+2}
132738 | Zig:25   | Identified the +3 quarterstaff of Optimality {heavy, rN+
                  | Str-2 Dex+3}
132785 | Zig:26   | Entered Level 26 of a ziggurat
132801 | Zig:26   | Noticed an orb of fire
132804 | Zig:26   | Noticed an orb of fire
132804 | Zig:26   | Noticed an orb of fire
132805 | Zig:26   | Noticed an orb of fire
132806 | Zig:26   | Killed an orb of fire
132807 | Zig:26   | Noticed an orb of fire
132807 | Zig:26   | Noticed an orb of fire
132807 | Zig:26   | Noticed an orb of fire
132808 | Zig:26   | Killed an orb of fire
132809 | Zig:26   | Killed an orb of fire
132809 | Zig:26   | Killed an orb of fire
132809 | Zig:26   | Noticed an orb of fire
132810 | Zig:26   | Noticed an orb of fire
132810 | Zig:26   | Noticed an orb of fire
132811 | Zig:26   | Killed an orb of fire
132811 | Zig:26   | Noticed an orb of fire
132811 | Zig:26   | Noticed an orb of fire
132812 | Zig:26   | Killed an orb of fire
132812 | Zig:26   | Noticed an orb of fire
132821 | Zig:26   | Killed an orb of fire
132826 | Zig:26   | Killed an orb of fire
132827 | Zig:26   | Killed an orb of fire
132836 | Zig:26   | Noticed an orb of fire
132837 | Zig:26   | Killed an orb of fire
132843 | Zig:26   | Killed an orb of fire
132845 | Zig:26   | Killed an orb of fire
132846 | Zig:26   | Noticed an orb of fire
132849 | Zig:26   | Noticed an orb of fire
132850 | Zig:26   | Killed an orb of fire
132851 | Zig:26   | Killed an orb of fire
132860 | Zig:26   | Gained mutation: You are somewhat resistant to further
                  | mutation. [an orb of fire]
132861 | Zig:26   | Killed an orb of fire
132862 | Zig:26   | Killed an orb of fire
132863 | Zig:26   | Noticed an orb of fire
132869 | Zig:26   | Reached skill level 27 in Translocations
132869 | Zig:26   | Killed an orb of fire
132871 | Zig:26   | Noticed an orb of fire
132875 | Zig:26   | Killed an orb of fire
132884 | Zig:26   | Reached skill level 10 in Hexes
132970 | Zig:26   | Identified the staff of fire "Pipu" {rF+ rC- rN+ rCorr
                  | MP+9}
132982 | Zig:26   | Identified the amulet of Raetakk {RegenMP rPois Dex+4}
132988 | Zig:26   | Identified the +0 robe of Egalitarianism {rN++ Dex-5
                  | Slay+2}
133011 | Zig:26   | Identified the ring of Tudo {Str+3 Int+6 Dex-4}
133019 | Zig:26   | Identified the +0 leather armour of Amorality {rElec Int+2}
133036 | Zig:26   | Identified the +4 scale mail of Defence {rF+}
133045 | Zig:27   | Entered Level 27 of a ziggurat
133055 | Zig:27   | Noticed an ancient lich
133058 | Zig:27   | Killed an ancient lich
133059 | Zig:27   | Noticed a dread lich
133059 | Zig:27   | Noticed an ancient lich
133059 | Zig:27   | Noticed an ancient lich
133061 | Zig:27   | Killed an ancient lich
133062 | Zig:27   | Killed an ancient lich
133063 | Zig:27   | Killed a dread lich
133066 | Zig:27   | Noticed an ancient lich
133068 | Zig:27   | Noticed a dread lich
133068 | Zig:27   | Noticed an ancient lich
133069 | Zig:27   | Killed an ancient lich
133069 | Zig:27   | Noticed an ancient lich
133070 | Zig:27   | Reached skill level 15 in Hexes
133071 | Zig:27   | Killed an ancient lich
133071 | Zig:27   | Noticed a dread lich
133071 | Zig:27   | Noticed an ancient lich
133084 | Zig:27   | Killed an ancient lich
133090 | Zig:27   | Killed an ancient lich
133093 | Zig:27   | Killed a dread lich
133101 | Zig:27   | Noticed an ancient lich
133103 | Zig:27   | Killed an ancient lich
133113 | Zig:27   | Noticed a dread lich
133114 | Zig:27   | Noticed a dread lich
133115 | Zig:27   | Killed a dread lich
133117 | Zig:27   | Killed a dread lich
133121 | Zig:27   | Noticed an ancient lich
133122 | Zig:27   | Killed a dread lich
133122 | Zig:27   | Killed an ancient lich
133123 | Zig:27   | Noticed an ancient lich
133126 | Zig:27   | Killed an ancient lich
133128 | Zig:27   | Noticed a dread lich
133128 | Zig:27   | Noticed an ancient lich
133128 | Zig:27   | Noticed an ancient lich
133129 | Zig:27   | Killed an ancient lich
133131 | Zig:27   | Killed an ancient lich
133131 | Zig:27   | Killed a dread lich
133132 | Zig:27   | Noticed an ancient lich
133132 | Zig:27   | Noticed an ancient lich
133133 | Zig:27   | Killed an ancient lich
133136 | Zig:27   | Killed an ancient lich
133173 | Zig:27   | Identified the staff of air "Fadajad" {*Slow rElec Will+
                  | rCorr Str+3}
133180 | Zig:27   | Identified the ring "Aqeddoaz" {rElec rC+ Int-2 Dex+3}
133181 | Zig:27   | Identified the +5 morningstar "Buhew" {venom, Will+ rCorr
                  | Int+2}
133184 | Zig:27   | Identified the staff of air "Kyxtimam" {rElec rPois rN+
                  | Str-2}
133203 | Zig:27   | Identified the +9 dagger of Xom's Fury {flame, Str+4}
133205 | Zig:27   | Identified the ring of the Red Skies {Ice Int+5}
133215 | Zig:27   | Identified the ring "Xompo" {rPois rC+ Dex+3}
133225 | Zot:5    | Got the Orb of Zot
133267 | Zot:4    | Noticed Goegut the pandemonium lord
133779 | D:$      | Escaped with the Orb!

Illustrated notes

Levels and vault maps discovered:
D:1:      dpeg_arrival_radiant, layout_basic
D:2:      layout_loops_ring, uniq_sigmund, uniq_crazy_yiuf_cottage, uniq_natasha
D:3:      layout_rooms, serial_shops, nicolae_shop_statue_plus
D:4:      layout_rooms, grunt_ministairs_2, dk_noncrumbling_4
D:5:      layout_loops_ring, nzn_wu_jian_council_hall,
          minmay_temple_entry_drinking_statues, minmay_misc_feat_columns
D:6:      layout_basic, minmay_hedge_maze
D:7:      layout_basic, nicolae_hepliaklqana_hippocampus,
          nicolae_tso_besieged_by_evil, nicolae_ru_great_annihilating_truth
D:8:      layout_rooms, dk_noncrumbling_2
D:9:      gammafunk_corrupted_shrine, layout_cave_pools,
          nicolae_gozag_seed_capital, special_room [special_room_bee],
          enter_bailey_7
D:10:     layout_basic, nicolae_overflow_hidden_temple,
          minmay_orc_entry_temple_small, serial_shops, shop, minmay_holes,
          nicolae_figureground_pulse
D:11:     layout_loops_cross, david_lair_shrubbed,
          hellmonk_okawaru_the_only_friend_you_need
D:12:     layout_basic, dilly_guarded_unrand_devastator, uniq_nergalle
D:13:     layout_small_grid, trove_entry_hex_spiral, minmay_between
D:14:     layout_loops_ring, lightli_vaults_fourway_checkpoint,
          ebering_ghost_inner_flame, uniq_azrael
D:15:     grunt_enter_depths_magical_seal, layout_basic, uniq_roxanne
Temple:   nicolae_temple_ecumenical_triangle
Lair:1:   layout_layer_cave, portal_ice_cave_rime, pdpol_lair_cavern_descent,
          serial_bayou_shore_b
Lair:2:   layout_chaotic_city, minmay_shoals_entry_centaurs, dummy_spider_entry,
          lemuel_fruit_fields, serial_bayou_shore_b, uniq_prince_ribbit2,
          uniq_gastronok
Lair:3:   wander_river, layout_chaotic_city, nicolae_volcano_entry_lava_flow,
          serial_bayou_ford_a, serial_bayou_pond_c
Lair:4:   layout_regular_city, slime_entry_1, gauntlet_entry_generic,
          minmay_stone_trees_medium, serial_bayou_shore_b, serial_bayou_shore_b,
          uniq_sonja, uniq_rupert
Lair:5:   cheibrodos_lair_end_hotspot, layout_regular_city, uniq_kirke
Shoals:1: nicolae_shoals_lighthouse, layout_shoals, serial_shops, shop,
          nicolae_shop_peninsula, uniq_mlioglotl
Shoals:2: argonaut_golden_fleece, layout_shoals, uniq_donald
Shoals:3: layout_shoals, gammafunk_ghost_tricky_traps
Shoals:4: shoals_end_grunt_garden, layout_shoals
Spider:1: layout_spider_delve
Spider:2: layout_spider_delve, nicolae_spider_jagged_tunnels
Spider:3: layout_spider_delve
Spider:4: hellmonk_spider_rune_endless_swarm
Slime:1:  layout_caves
Slime:2:  layout_caves
Slime:3:  layout_caves
Slime:4:  layout_caves
Slime:5
Orc:1:    layout_caves, nicolae_orc_lost_temple, uniq_jorgrun
Orc:2:    pf_orc_diabolical, layout_caves, serial_shops, shop,
          guppyfry_library_mini
Elf:1:    layout_geoelf_octagon, minmay_elf_demonology
Elf:2:    nicolae_elf_blades_splatter_lattice
          [nicolae_blade_entry_splitting_headache], layout_geoelf_octagon
Elf:3:    minmay_elf_hall_statues, layout_loops_corners, serial_shops,
          bzr_firewalk, nicolae_gammafunk_elf_defective_weapons_storage,
          minmay_shoptagon
Vaults:1: st_spiral_rooms, hangedman_vaults_stretched_pinwheel,
          nicolae_vaults_border_crossing, ontoclasm_vaults_spin,
          nicolae_vaults_weapon_check, ontoclasm_vaults_loading_screen,
          vaults_dpeg_encased_lava, vaults_room_semicircle, vaults_dpeg_ring,
          layout_vaults_quadrants, serial_shops, nicolae_shop_trees, uniq_aizul
Vaults:2: nicolae_vaults_bisected_exclaves,
          nicolae_vaults_offset_grid_hallway_4, ontoclasm_vaults_ligature,
          nicolae_vaults_double_plus_2, dpeg_vaults_hating_casters,
          nicolae_vaults_diamond_1, nicolae_vaults_closet_pinwheel_4,
          vaults_room_door_hall, nicolae_vaults_angled_halls, v_misc_23,
          layout_vaults_omnicross, serial_shops, nicolae_shop_tiny_waterfront
Vaults:3: nicolae_vaults_tetromino_L_1, minmay_crypt_entry_simple_corners,
          hangedman_vaults_trim, v_misc_5, nicolae_vaults_octothorpe,
          hangedman_vaults_stagger, v_misc_23, nicolae_vaults_trapezoid_3,
          vaults_room_grid, vaults_room_pools, layout_vaults_omnibox
Vaults:4: nicolae_vaults_sightless_eye, vaults_room_large_hall,
          hangedman_vaults_variations, ontoclasm_vaults_fault,
          hangedman_vaults_slice, nicolae_vaults_closet_pinwheel_2, v_rooms_1,
          v_pattern_3, v_misc_22, serial_ice_b, vaults_room_fancy_cross,
          ontoclasm_vaults_idyll, layout_vaults_maze_bifur, serial_shops,
          nicolae_shop_advertising_works [nicolae_subvault_shop_adworks]
Vaults:5: uniq_margery, uniq_saint_roka, uniq_mara
Crypt:1:  layout_gridlike, grunt_ministairs_6, chequers_big_river,
          grunt_crypt_arrival_split, uniq_jory, uniq_vv
Crypt:2:  layout_chaotic_city, infiniplex_enter_wizlab_spiral,
          columned_hall_lemuel, corexii_hall_statues_i
Crypt:3:  church_of_pain_bobbens, layout_chaotic_city
Tomb:1
Tomb:2
Tomb:3
Depths:1: layout_honeycomb, grunt_metal_band, fedhas_altar_3,
          minmay_misc_feat_square, chequers_serial_rivers_micro_a,
          hangedman_decor_points, nicolae_dithmenos_the_darkroom
Depths:2: minmay_four_inscribed_fans, layout_gridlike, hell_entry,
          grunt_pan_entry_sceptre, infiniplex_staircase_zigzag_1
Depths:3: minmay_the_grid_octo_2x2 [minmay_the_grid_octo_chip,
          minmay_the_grid_octo_odd_swirl, minmay_the_grid_octo_pinwheel,
          minmay_the_grid_octo_prize_big_c], layout_honeycomb,
          kennysheep_cluttered_room, abyss_entry_small_statue_room, pan_entry,
          hell_entry, minivault_12
Depths:4: grunt_zot_entry_bicorn, layout_cave_shapes, enter_ziggurat_b,
          abyss_entry, pf_hell_entry_tar_river, grunt_tower_of_power,
          serial_bayou_shore_b
Hell
Dis:1:    layout_jigsaw
Dis:2:    layout_gridville, nicolae_dis_strange_trophy_room
Dis:3:    layout_jigsaw
Dis:4:    layout_regular_city
Dis:5:    layout_gridville, nicolae_dis_bowling_alley
Dis:6:    layout_gridville, nicolae_dis_big_boring_drill
Dis:7:    dis_st
Geh:1:    layout_gehenna_lava_caves
Geh:2:    layout_gehenna_pools_basic, nicolae_geh_liches_on_tour
Geh:3:    layout_gehenna_lava_caves
Geh:4:    layout_gehenna_lava_caves
Geh:5:    layout_gehenna_pools_basic
Geh:6:    layout_gehenna_pools_box
Geh:7:    geh_old
Coc:1:    layout_cocytus_delve
Coc:2:    nicolae_coc_city_of_iceburg
Coc:3:    layout_cocytus_water_paths
Coc:4:    layout_cocytus_water_paths
Coc:5:    layout_cocytus_water_paths
Coc:6:    layout_ice_bergs, nicolae_coc_statues_of_limitations
Coc:7:    coc_grunt_cove [coc_grunt_cove_antaeus, coc_grunt_cove_fiend,
          coc_grunt_cove_fiend, coc_grunt_cove_fiend, coc_grunt_cove_fiend]
Tar:1:    layout_grid_maze
Tar:2:    layout_grid_maze
Tar:3:    layout_grid_maze
Tar:4:    layout_grid_maze
Tar:5:    layout_catacombs
Tar:6:    layout_grid_maze
Tar:7:    tar_grunt_cathedral
Zot:1:    gammafunk_dig_for_victory, layout_misc_corridors, uniq_parghit
Zot:2:    layout_onion_interference, lemuel_flame_loot_1, uniq_josephina
Zot:3:    layout_gridlike
Zot:4:    circus_mu, layout_misc_corridors
Zot:5:    layout_basic

Skill      XL: |  1  2  3  4  5  6  7  8  9 10 11 12 13 14 15 16 17 18 19 20 21 22 23 24 25 26 27 |
---------------+----------------------------------------------------------------------------------+-----
Ice Magic      | 5 6 7 8 9 10 11 12 13 14 15 16 17 18 19 20 21 22 27 | 27.0
Conjurations   | 1 2 3 4 5 6 7 9 10 11 12 13 14 15 16 17 18 19 27 | 27.0
Earth Magic    | 1 2 3 4 6 7 8 9 10 27 | 27.0
Spellcasting   | 3 4 5 6 7 8 9 10 11 12 13 14 15 16 17 18 27 | 27.0
Fighting       | 3 4 5 6 7 8 9 10 11 12 13 14 15 16 27 | 27.0
Maces & Flails | 2 3 4 5 6 7 8 9 10 11 12 13 | 13.4
Summonings     | 2 4 5 6 7 8 9 10 27 | 27.0
Translocations | 1 3 4 5 6 7 8 27 | 27.0
Armour         | 3 4 5 6 7 9 27 | 27.0
Dodging        | 3 4 5 7 8 9 10 11 12 27 | 27.0
Air Magic      | 4 6 8 9 10 11 12 13 14 15 16 17 27 | 27.0
Fire Magic     | 4 6 7 9 27 | 27.0
Ranged Weapons | 1 3 4 5 6 15 | 15.8
Shields        | 2 4 6 7 27 | 27.0
Evocations     | 2 3 4 5 7 8 9 10 27 | 27.0
Throwing       | 2 3 5 6 15 | 15.7
Staves         | 1 5 27 | 27.0
Necromancy     | 24 | 24.7
Transmutations | 20 | 20.0
Hexes          | 21 | 21.0
Stealth        | 27 | 27.0

Action                     |  1- 3 |  4- 6 |  7- 9 | 10-12 | 13-15 | 16-18 | 19-21 | 22-24 | 25-27 || total
---------------------------+-------+-------+-------+-------+-------+-------+-------+-------+-------++-------
  Melee: Unarmed           |     2 |       |       |       |       |       |       |       |       ||     2
         Dagger            |    19 |    21 |    13 |       |       |       |       |       |       ||    53
         Punch             |       |     1 |       |     5 |     3 |       |       |       |       ||     9
         Mace              |       |       |   104 |   149 |       |       |       |    10 |       ||   263
         Morningstar       |       |       |       |       |   161 |   137 |    39 |   280 |    50 ||   667
         Whip              |       |       |       |       |     3 |       |     4 |       |   104 ||   111
         Shillelagh        |       |       |       |       |       |       |    57 |    12 |       ||    69
         Staff             |       |       |       |       |       |       |       |       |   434 ||   434
         Eveningstar       |       |       |       |       |       |       |       |       |    69 ||    69
         Sacred scourge    |       |       |       |       |       |       |       |       |    37 ||    37
         Scimitar          |       |       |       |       |       |       |       |       |     2 ||     2
   Fire: Arbalest          |       |       |       |    23 |   308 |   178 |       |       |       ||   509
         Longbow           |       |       |       |       |       |    89 |    63 |       |       ||   152
         Sling             |       |       |       |       |       |       |       |     5 |    30 ||    35
  Throw: Javelin           |       |       |       |       |       |     4 |     8 |     2 |    11 ||    25
   Cast: Freeze            |    31 |    13 |    18 |       |       |       |       |       |       ||    62
         Frozen Ramparts   |     1 |    13 |    37 |    47 |    58 |    61 |    44 |    36 |       ||   297
         Stone Arrow       |       |     5 |    50 |    98 |   139 |   132 |    88 |    33 |       ||   545
         Ozocubu's Armour  |       |       |     1 |       |       |       |       |       |       ||     1
         Iskenderun's Myst |       |       |       |     4 |    70 |   114 |   102 |   112 |   156 ||   558
         Summon Ice Beast  |       |       |       |     1 |     1 |       |       |       |       ||     2
         Freezing Cloud    |       |       |       |    36 |    93 |   137 |    80 |    49 |    31 ||   426
         Lee's Rapid Decon |       |       |       |       |    20 |     3 |       |     2 |    15 ||    40
         Iskenderun's Batt |       |       |       |       |    12 |       |       |       |       ||    12
         Iron Shot         |       |       |       |       |     7 |   135 |   363 |   283 |  1690 ||  2478
         Spellforged Servi |       |       |       |       |       |    20 |     7 |    47 |   400 ||   474
         Plasma Beam       |       |       |       |       |       |    23 |    97 |    74 |   275 ||   469
         Passwall          |       |       |       |       |       |       |     7 |     1 |       ||     8
         Polar Vortex      |       |       |       |       |       |       |       |     1 |    43 ||    44
         Orb of Destructio |       |       |       |       |       |       |       |       |     6 ||     6
         Fire Storm        |       |       |       |       |       |       |       |       |  1435 ||  1435
         Chain Lightning   |       |       |       |       |       |       |       |       |   401 ||   401
         Manifold Assault  |       |       |       |       |       |       |       |       |    60 ||    60
         Necromutation     |       |       |       |       |       |       |       |       |    58 ||    58
         Shatter           |       |       |       |       |       |       |       |       |    54 ||    54
         Irradiate         |       |       |       |       |       |       |       |       |    51 ||    51
         Passage of Golubr |       |       |       |       |       |       |       |       |    37 ||    37
         Ignition          |       |       |       |       |       |       |       |       |    12 ||    12
         Statue Form       |       |       |       |       |       |       |       |       |     3 ||     3
         Maxwell's Capacit |       |       |       |       |       |       |       |       |     1 ||     1
         Arcjolt           |       |       |       |       |       |       |       |       |     1 ||     1
Ability: Hop               |       |       |     1 |       |     1 |     6 |     5 |     4 |    34 ||    51
         Evoke Blink       |       |       |       |       |       |       |       |     1 |     4 ||     5
         Evoke Invisibilit |       |       |       |       |       |       |       |       |     4 ||     4
         End Transformatio |       |       |       |       |       |       |       |       |     2 ||     2
  Evoke: Wand              |       |       |       |       |     1 |     4 |       |     2 |    27 ||    34
         Lightning rod     |       |       |       |       |       |     1 |       |       |       ||     1
         Condenser vane    |       |       |       |       |       |       |       |       |     6 ||     6
         Phantom mirror    |       |       |       |       |       |       |       |       |     4 ||     4
         Phial of floods   |       |       |       |       |       |       |       |       |     3 ||     3
         Figurine of a zig |       |       |       |       |       |       |       |       |     2 ||     2
         Horn of Geryon    |       |       |       |       |       |       |       |       |     1 ||     1
    Use: Scroll            |     7 |     1 |    11 |     5 |    14 |     7 |     5 |     9 |    77 ||   136
         Potion            |       |       |       |     2 |     2 |    10 |     1 |    11 |   132 ||   158
   Stab: Sleeping          |     4 |       |     2 |     1 |       |       |       |     3 |       ||    10
         Distracted        |       |       |       |       |       |       |       |     3 |    18 ||    21
         Invisible         |       |       |       |       |       |       |       |       |     1 ||     1
 Armour: Robe              |     4 |     9 |    60 |     5 |       |       |       |       |       ||    78
         Troll leather arm |       |       |       |    79 |    69 |       |       |       |       ||   148
         Leather armour    |       |       |       |       |    29 |    27 |    82 |   135 |    16 ||   289
         Ring mail         |       |       |       |       |    51 |   158 |       |       |       ||   209
         Fire dragon scale |       |       |       |       |       |       |       |    52 |   319 ||   371
         Pearl dragon scal |       |       |       |       |       |       |       |       |   268 ||   268
         Quicksilver drago |       |       |       |       |       |       |       |       |   235 ||   235
         Crystal plate arm |       |       |       |       |       |       |       |       |   106 ||   106
         Skin              |       |       |       |       |       |       |       |       |    25 ||    25
  Dodge: Dodged            |    21 |    30 |   103 |   191 |   248 |   262 |   142 |   296 |   691 ||  1984
  Block: Other             |       |       |       |       |    56 |    46 |    11 |       |       ||   113
         Reflection        |       |       |       |       |     3 |    24 |    18 |    28 |   126 ||   199
         Orb               |       |       |       |       |       |    38 |       |       |       ||    38
         Buckler           |       |       |       |       |       |       |    85 |   203 |   531 ||   819
         Tower shield      |       |       |       |       |       |       |       |       |   175 ||   175
         Kite shield       |       |       |       |       |       |       |       |       |    56 ||    56
